 Dungeon Crawl Stone Soup version 0.31-a0-150-g89dc3ad700 (webtiles) character file.

Game seed: 5082509637365106751

106249 qw the Warrior (level 16, -9/114 HPs)
             Began as a Gargoyle Hunter on June 8, 2023.
             Was an Elder of Okawaru.
             Mangled by an orc warlord
             ... wielding a +3 halberd of venom
              (45 damage)
             ... on level 2 of the Orcish Mines.
             The game lasted 00:14:31 (19719 turns).

qw the Warrior (Gargoyle Hunter)                   Turns: 19719, Time: 00:14:31

Health: -9/114     AC: 38    Str: 16    XL:     16   Next: 43%
Magic:  23/23      EV: 25    Int: 16    God:    Okawaru [****..]
Gold:   2659       SH:  0    Dex: 19    Spells: 15/15 levels left

rFire   . . .        x - +3 arbalest
rCold   . . .        (shield currently unavailable)
rNeg    + . .        r - quicksilver dragon scales
rPois   inf          (helmet restricted)
rElec   +            b - +0 cloak
rCorr   .            i - +2 pair of gloves
SInv    +            w - +2 pair of boots of the Boiling Point {Int+5 Stlth-}
Will    ++...        g - amulet of regeneration
Stlth   ++           v - +5 ring of evasion
HPRegen 1.19/turn    h - ring of see invisible
MPRegen 0.18/turn

%: no passive effects
@: heroic, flying
A: sickness immunity, AC +12, big wings, negative energy resistance 1,
electricity resistance, torment resistance 1, petrification resistance, horns 1
a: Renounce Religion, Heroism, Finesse


You were on level 2 of the Orcish Mines.
You worshipped Okawaru.
Okawaru was greatly pleased with you.
You visited 4 branches of the dungeon, and saw 23 of its levels.

You collected 3269 gold pieces.
You spent 610 gold pieces at shops.


Innate Abilities, Weirdness & Mutations

You are immune to sickness and miasma.
Your stone body is resilient. (AC +12)
You are immune to poison.
Your large and strong wings let you fly.
You resist negative energy. (rN+)
You are resistant to electric shocks. (rElec)
You are resistant to unholy torment.
You are immune to petrification.
You have a pair of small horns on your head.


   Skills:
 - Level 17.7(22.7) Fighting
 + Level 16.1(21.1) Ranged Weapons
 - Level 14.0(19.0) Armour
 - Level 9.0(14.0) Dodging
 - Level 1.1(6.1) Stealth
 - Level 10.0 Invocations


You had 15 spell levels left.
You didn't know any spells.
Your spell library was empty.

Inventory:

Hand Weapons
 c - the +11 sling of Zimy {drain, rF+ rN++ Will+}
   (You acquired it on level 1 of the Dungeon)

   rF:        It protects you from fire.
   rN:        It greatly protects you from negative energy.
   Will:      It increases your willpower.
 n - the +5 shortbow "Qeva" {flame, rPois rN+ Int-4}
   (You found it on level 14 of the Dungeon)

   Int:       It affects your intelligence (-4).
   rPois:     It protects you from poison.
   rN:        It protects you from negative energy.
 x - a +3 arbalest (weapon)
Armour
 b - a +0 cloak (worn)
 i - a +2 pair of gloves (worn)
 k - a +1 troll leather armour {Snorg}
 r - quicksilver dragon scales (worn)
 w - the +2 pair of boots of the Boiling Point (worn) {Int+5 Stlth-}
   (Okawaru gifted it to you on level 3 of the Lair of Beasts)

   Int:       It affects your intelligence (+5).
   Stlth:     It makes you less stealthy.
Jewellery
 g - an amulet of regeneration (around neck)
 h - a ring of see invisible (right hand)
 l - a +4 ring of protection
 t - a ring of protection from fire
 v - a +5 ring of evasion (left hand)
Wands
 j - a wand of digging (11)
Scrolls
 e - 4 scrolls of teleportation
 s - 8 scrolls of identify
Potions
 a - 13 potions of curing
 d - a potion of magic
 f - a potion of haste
 m - 2 potions of heal wounds
 o - a potion of cancellation
 q - 3 potions of mutation
 u - a potion of might

Dungeon Overview and Level Annotations

Branches:
Dungeon (15/15)            Temple (1/1) D:4            Lair (5/5) D:10
  Swamp (0/4) Lair:3        Snake (0/4) Lair:2        Slime (0/5) Lair:5
    Orc (2/2) D:12         Vaults (0/5) D:13         Depths (0/4) D:15
    Elf: Orc:2

Altars:
Ashenzari
Cheibriados
Dithmenos
Elyvilon
Fedhas
Gozag
Hepliaklqana
Kikubaaqudgha
Makhleb
Nemelex Xobeh
Okawaru
Qazlal
Ru
Sif Muna
Trog
Uskayaw
Vehumet
Wu Jian
Xom
Yredelemnul
Zin
The Shining One

Shops:
D:3 (   D:12 :   D:13 ?   Orc:1 *

Portals:
Trove: D:11 (give +5 fire dragon scales)
Bailey: D:7
Volcano: Orc:2

Annotations:
D:4 3 runed translucent doors, qw's ghost, amateur MiHu; qw's ghost, novice MiHu
D:11 1 runed translucent door, Piexesis's ghost, journeyman BaMo
D:14 1 runed translucent door
D:15 3 runed translucent doors, Xiestris's ghost, journeyman DsGl
Lair:4 2 transporters, qw's ghost, journeyman MiHu


Message History

The bolt hits the orc warlord but does no damage.
The orc warlord is lightly wounded.
The orc warlord hits you from afar with a +3 halberd of venom.
The orc warrior barely misses you.
The orc warrior shoots an arrow.
The arrow completely misses you.
You hear a shout!
You shoot a bolt. The bolt hits the orc warlord.
The orc warlord is lightly wounded.
The orc warlord roars a battlecry!
The orc warrior hits you from afar with a +0 glaive!
The orc warrior shoots an arrow.
The arrow misses you.
You hear a shout!
You shoot a bolt. The bolt hits the orc warlord!!
The orc warlord is moderately wounded.
The orc warrior no longer looks unusually strong.
The orc warlord roars a battlecry!
The orc warrior goes into a battle-frenzy!
The orc warrior misses you.
An orc knight comes into view. It is wielding a +0 bardiche.
You shoot a bolt. The bolt hits the orc warlord!!
The orc warlord is heavily wounded.
The orc warlord hits you but does no damage.
The orc warrior completely misses you.
The orc warrior shoots an arrow.
The arrow completely misses you.
You shoot a bolt.
The bolt hits the orc warlord but does no damage.
The orc warlord is heavily wounded.
The orc warlord hits you from afar with a +3 halberd of venom!
The orc warrior misses you.
The orc warrior shoots an arrow.
The arrow misses you. The orc warlord completely misses you.
The orc warrior barely misses you.
The orc knight roars a battlecry!
The orc warlord goes into a battle-frenzy!
You hear a shout!
You shoot a bolt.
The bolt hits the orc warlord but does no damage.
The orc warlord is heavily wounded.
The orc warrior shoots an arrow.
The arrow misses you.
The orc warlord hits you from afar with a +3 halberd of venom!!!
You die...

.## ##.........#
..... ..#
###....#.....##
.....
.####.##.#.#....).#
....
.###...))...#...)##
..#.#.)#.....#.)##
............#.)).#
#.#.#..#.#....)).##
......#####.#..)..#
......# #.#..)@)#
......# ###8.))8#
......# #...oo#
....... #.....#
....#.## ....o.).
#.........
..o........
............


You could see an orc warlord (strong), an orc knight (strong) and 2 orc
warriors.

Vanquished Creatures
  Gastronok (Orc:1)
  Roxanne (D:15)
  A very ugly thing (D:15)
  Azrael (D:13)
  Snorg (D:12)
  A great orb of eyes (D:15)
  An entropy weaver (shapeshifter) (D:15)
  Fannar (Orc:1)
  8 hydras
  An ogre mage (D:13)
  6 catoblepae
  Erica (Lair:2)
  A death knight (D:13)
  6 boulder beetles
  3 two-headed ogres
  6 centaur warriors
  12 death yaks (Lair:5)
  An orc high priest (Orc:2)
  Urug (D:13)
  A deep elf knight (D:13)
  Sonja (D:12)
  A skyshark (Lair:2)
  5 skeletal warriors (D:12)
  2 orc knights
  A deep elf zephyrmancer (D:13)
  11 ugly things
  4 deep elf pyromancers
  2 lindwurms
  2 orc sorcerers (Orc:2)
  An oklob plant (Lair:4)
  8 cyclopes
  8 manticores
  19 elephants
  2 molten gargoyles
  A gargoyle (D:10)
  4 black mambas
  A cane toad (shapeshifter) (D:15)
  4 torpor snails
  10 komodo dragons
  5 rime drakes
  11 cane toads
  2 kobold demonologists
  Psyche (D:12)
  A yaktaur (D:14)
  2 freezing wraiths (D:13)
  2 efreet
  3 polar bears
  3 meliai (D:14)
  5 trolls
  A hornet (D:9)
  17 blink frogs
  A wind drake (shapeshifter) (D:15)
  20 slime creatures
  8 dream sheep (Lair:5)
  A jumping spider (shapeshifter) (D:15)
  A shadow (D:12)
  5 wyverns
  2 wraiths
  3 vampires
  49 yaks
  3 fire elementals (D:13)
  A basilisk (shapeshifter) (D:14)
  5 steam dragons
  A hog (shapeshifter) (D:15)
  21 vampire mosquitoes
  5 wargs
  5 basilisks
  Edmund (D:5)
  3 acid dragons
  4 nagas (Lair:2)
  14 water moccasins
  A hell hound (D:13)
  21 orc warriors
  5 black bears
  A sky beast (D:8)
  5 wolves (Lair:2)
  4 ogres
  A boggart (shapeshifter) (D:13)
  10 centaurs
  A phantom (D:4)
  3 kobold brigands
  Blork the orc (Orc:2)
  14 bullfrogs
  3 wights (D:9)
  2 howler monkeys
  4 electric eels
  5 lava snakes (Lair:4)
  4 jellies
  A hound (D:4)
  11 orc priests
  3 gnoll boudas
  3 sleepcaps (D:6)
  3 iguanas
  4 hell rats (Lair:3)
  19 orc wizards
  11 gnolls
  13 adders
  A white imp (D:6)
  2 ufetubi
  2 worms
  3 dart slugs
  46 orcs
  8 ball pythons
  10 endoplasms
  2 giant cockroaches
  7 goblins
  9 hobgoblins
  7 jackals
  14 kobolds
  3 quokkas
  5 bats
  3 frilled lizards
  6 rats
629 creatures vanquished.

Vanquished Creatures (others)
  A deep elf pyromancer (D:14)
  A slime creature (D:14)
2 creatures vanquished.

Grand Total: 631 creatures vanquished

Notes
Turn   | Place    | Note
-------+----------+-------------------------------------------
     0 | D:1      | qw the Gargoyle Hunter began the quest for the Orb.
     0 | D:1      | Reached XP level 1. HP: 12/12 MP: 1/1
     0 | D:1      | 0 ||| qw: Version: 0.2-a-120-gdf1a93b
     0 | D:1      | 0 ||| qw: Game counter: 2944
     0 | D:1      | 0 ||| qw: Always use a shield: true
     0 | D:1      | 0 ||| qw: God list: Okawaru
     0 | D:1      | 0 ||| qw: Allow faded altars: false
     0 | D:1      | 0 ||| qw: Do Orc after D:15 true
     0 | D:1      | 0 ||| qw: Do second Lair branch before Depths: true
     0 | D:1      | 0 ||| qw: Lair rune preference: random
     0 | D:1      | 0 ||| qw: Plans: Normal
     0 | D:1      | 0 ||| PLANNING D:1-11
   120 | D:1      | Reached XP level 2. HP: 17/17 MP: 2/2
   329 | D:1      | HP: 4/17 [jackal (1)]
   336 | D:1      | HP: 2/17 [constriction (1)]
   422 | D:1      | Reached XP level 3. HP: 21/21 MP: 3/3
   775 | D:1      | 775 ||| UPGRADING to +0 ring mail.
   785 | D:1      | 785 ||| DROPPING +0 leather armour.
   786 | D:1      | 786 ||| UPGRADING to ring of resist corrosion.
   787 | D:1      | 787 ||| READING 2 scrolls labelled DOLIGY GADODIDYRPH.
   788 | D:1      | 788 ||| READING scroll labelled UDDAGI DIME.
   789 | D:1      | 789 ||| READING scroll labelled NEYJEO ADOGU.
   789 | D:1      | Identified a scroll of acquirement
   789 | D:1      | 789 ||| ACQUIRING +11 sling of Zimy {drain, rF+ rN++ Will+}
   789 | D:1      | Acquired the +11 sling of Zimy {drain, rF+ rN++ Will+}
   791 | D:1      | 791 ||| SWAPPING to +11 sling of Zimy {drain, rF+ rN++
                  | Will+}.
   792 | D:1      | 792 ||| DROPPING +0 shortbow.
   793 | D:1      | 793 ||| READING scroll labelled ZEM DEOKKUSIM.
   794 | D:1      | 794 ||| READING scroll labelled APUDIV ZAUKAASOC.
   795 | D:1      | 795 ||| READING scroll labelled POPHOA NOOSH.
   796 | D:1      | 796 ||| DROPPING scroll of fear.
   797 | D:1      | 797 ||| DROPPING scroll of butterflies.
   965 | D:2      | 965 ||| FLEEEEING.
   966 | D:2      | 966 ||| FLEEEEING.
   972 | D:2      | 972 ||| FLEEEEING.
  1056 | D:2      | Reached skill level 1 in Armour
  1486 | D:2      | 1486 ||| UPGRADING to +0 cloak.
  1491 | D:2      | 1491 ||| READING scroll labelled ZUIMORH BIEMM.
  1492 | D:2      | 1492 ||| READING scroll labelled ARUKHE ME AKIU.
  1493 | D:2      | 1493 ||| DRINKING 2 viscous amethyst potions.
  1545 | D:2      | 1545 ||| DROPPING potion of lignification.
  1566 | D:3      | Reached skill level 3 in Fighting
  1566 | D:3      | Reached XP level 4. HP: 28/28 MP: 4/4
  1738 | D:3      | You fall into a shaft and drop 1 floor!
  1753 | D:4      | Found an opulent altar of Gozag.
  1824 | D:4      | Noticed a black bear
  1832 | D:4      | Killed a black bear
  1833 | D:4      | Reached skill level 6 in Ranged Weapons
  1833 | D:4      | Reached XP level 5. HP: 32/32 MP: 5/5
  1841 | D:4      | 1841 ||| UPGRADING to +0 pair of gloves.
  1846 | D:4      | 1846 ||| UPGRADING to ring of see invisible.
  1847 | D:4      | 1847 ||| READING 3 scrolls labelled MUX UHEANTOCLO.
  1869 | D:4      | 1869 ||| READING scroll labelled LIAMMA TAGU.
  1870 | D:4      | 1870 ||| Stepping randomly (stuck).
  1871 | D:4      | 1871 ||| Stepping randomly (stuck).
  1872 | D:4      | 1872 ||| Stepping randomly (stuck).
  1873 | D:4      | 1873 ||| Stepping randomly (stuck).
  1874 | D:4      | 1874 ||| Stepping randomly (stuck).
  1875 | D:4      | 1875 ||| Stepping randomly (stuck).
  1876 | D:4      | 1876 ||| Stepping randomly (stuck).
  1877 | D:4      | 1877 ||| Stepping randomly (stuck).
  1878 | D:4      | 1878 ||| Stepping randomly (stuck).
  1879 | D:4      | 1879 ||| Stepping randomly (stuck).
  1880 | D:4      | 1880 ||| Stepping randomly (stuck).
  1881 | D:4      | 1881 ||| Stepping randomly (stuck).
  1882 | D:4      | 1882 ||| Stepping randomly (stuck).
  1883 | D:4      | 1883 ||| Stepping randomly (stuck).
  1884 | D:4      | 1884 ||| Stepping randomly (stuck).
  1885 | D:4      | 1885 ||| Stepping randomly (stuck).
  1886 | D:4      | 1886 ||| Stepping randomly (stuck).
  1887 | D:4      | 1887 ||| Stepping randomly (stuck).
  1888 | D:4      | 1888 ||| Stepping randomly (stuck).
  1889 | D:4      | 1889 ||| Stepping randomly (stuck).
  1890 | D:4      | 1890 ||| Stepping randomly (stuck).
  1891 | D:4      | 1891 ||| Stepping randomly (stuck).
  1892 | D:4      | 1892 ||| Stepping randomly (stuck).
  1893 | D:4      | 1893 ||| Stepping randomly (stuck).
  1894 | D:4      | 1894 ||| Stepping randomly (stuck).
  1895 | D:4      | 1895 ||| Stepping randomly (stuck).
  1896 | D:4      | 1896 ||| Stepping randomly (stuck).
  1897 | D:4      | 1897 ||| Stepping randomly (stuck).
  1898 | D:4      | 1898 ||| Stepping randomly (stuck).
  1899 | D:4      | 1899 ||| Stepping randomly (stuck).
  1900 | D:4      | 1900 ||| Stepping randomly (stuck).
  1901 | D:4      | 1901 ||| Stepping randomly (stuck).
  1902 | D:4      | 1902 ||| Stepping randomly (stuck).
  1903 | D:4      | 1903 ||| Stepping randomly (stuck).
  1904 | D:4      | 1904 ||| Stepping randomly (stuck).
  1905 | D:4      | 1905 ||| Stepping randomly (stuck).
  1906 | D:4      | 1906 ||| Stepping randomly (stuck).
  1907 | D:4      | 1907 ||| Stepping randomly (stuck).
  1908 | D:4      | 1908 ||| Stepping randomly (stuck).
  1909 | D:4      | 1909 ||| Stepping randomly (stuck).
  1910 | D:4      | 1910 ||| Stepping randomly (stuck).
  1911 | D:4      | 1911 ||| Stepping randomly (stuck).
  1912 | D:4      | 1912 ||| Stepping randomly (stuck).
  1913 | D:4      | 1913 ||| Stepping randomly (stuck).
  1914 | D:4      | 1914 ||| Stepping randomly (stuck).
  1915 | D:4      | 1915 ||| Stepping randomly (stuck).
  1916 | D:4      | 1916 ||| Stepping randomly (stuck).
  1917 | D:4      | 1917 ||| Stepping randomly (stuck).
  1918 | D:4      | 1918 ||| Stepping randomly (stuck).
  1919 | D:4      | 1919 ||| Stepping randomly (stuck).
  1920 | D:4      | 1920 ||| Stepping randomly (stuck).
  1921 | D:4      | 1921 ||| READING 2 scrolls of teleportation.
  1969 | D:3      | Found Gufalefi's Weapon Shop.
  2169 | D:3      | Reached XP level 6. HP: 38/38 MP: 6/6
  2192 | D:3      | Found a blossoming altar of Fedhas.
  2208 | D:3      | Found a sparkling altar of Nemelex Xobeh.
  2267 | D:3      | Found a faded altar of an unknown god.
  2270 | D:3      | Reached skill level 4 in Fighting
  2390 | D:3      | 2390 ||| READING scroll labelled JASUACHUFUC.
  2423 | D:4      | Found a staircase to the Ecumenical Temple.
  2424 | D:4      | 2424 ||| PLANNING TEMPLE
  2424 | D:4      | 2424 ||| STAIRDANCE
  2439 | Temple   | Entered the Ecumenical Temple
  2488 | Temple   | 2488 ||| PLANNING OKAWARU WORSHIP
  2601 | Temple   | Became a worshipper of Warmaster Okawaru
  2601 | Temple   | 2601 ||| PLANNING D:1-11
  2896 | D:4      | Found a runed translucent gate.
  2896 | D:4      | Found a runed translucent gate.
  2897 | D:4      | Found a runed translucent gate.
  2898 | D:4      | Noticed qw's ghost (amateur MiHu)
  2898 | D:4      | Noticed qw's ghost (amateur MiHu)
  2898 | D:4      | Noticed qw's ghost (novice MiHu)
  2968 | D:4      | 2968 ||| UPGRADING to +2 ring mail of poison resistance.
  2978 | D:4      | 2978 ||| DROPPING +0 ring mail.
  2979 | D:4      | 2979 ||| DRINKING 2 green potions.
  2989 | D:4      | 2989 ||| DROPPING potion of ambrosia.
  3009 | D:5      | Entered Level 5 of the Dungeon
  3196 | D:5      | Noticed Edmund
  3205 | D:5      | Killed Edmund
  3205 | D:5      | Reached * piety under Okawaru
  3206 | D:5      | Reached skill level 3 in Armour
  3206 | D:5      | Reached XP level 7. HP: 34/43 MP: 7/7
  3397 | D:5      | 3397 ||| INVOKING Heroism.
  3658 | D:5      | Reached skill level 1 in Invocations
  3789 | D:5      | 3789 ||| UPGRADING to amulet of regeneration.
  3794 | D:5      | 3794 ||| DROPPING ring of wizardry.
  3795 | D:5      | 3795 ||| UPGRADING to ring of willpower.
  3797 | D:5      | 3797 ||| DRINKING 3 emerald potions.
  3871 | D:6      | 3871 ||| INVOKING Heroism.
  3950 | D:6      | Reached XP level 8. HP: 48/48 MP: 9/9
  3979 | D:6      | 3979 ||| INVOKING Heroism.
  3981 | D:6      | 3981 ||| Stepping ~*~*~tactically~*~*~ (outnumbered).
  4074 | D:6      | Reached skill level 5 in Fighting
  4074 | D:6      | Reached skill level 3 in Invocations
  4221 | D:6      | 4221 ||| INVOKING Heroism.
  4256 | D:6      | 4256 ||| UPGRADING to +0 helmet.
  4282 | D:7      | 4282 ||| INVOKING Heroism.
  4436 | D:7      | Reached skill level 9 in Ranged Weapons
  4436 | D:7      | Found a flagged portal.
  4467 | D:7      | 4467 ||| INVOKING Heroism.
  4632 | D:7      | 4632 ||| INVOKING Heroism.
  4638 | D:7      | Reached skill level 6 in Fighting
  4638 | D:7      | Reached XP level 9. HP: 56/56 MP: 9/12
  4712 | D:7      | 4712 ||| INVOKING Heroism.
  4898 | D:7      | 4898 ||| DRINKING 2 blue potions.
  4899 | D:7      | 4899 ||| DROPPING potion of degeneration.
  5041 | D:8      | 5041 ||| INVOKING Heroism.
  5321 | D:8      | Reached skill level 7 in Fighting
  5327 | D:8      | Reached ** piety under Okawaru
  5693 | D:8      | 5693 ||| UPGRADING to +2 leather armour of cold resistance.
  5703 | D:8      | 5703 ||| DROPPING +2 ring mail of poison resistance.
  5704 | D:8      | 5704 ||| READING scroll labelled LOCSEE WOJULU.
  5705 | D:8      | 5705 ||| DRINKING 3 inky potions.
  5706 | D:8      | 5706 ||| READING 2 scrolls of identify.
  5706 | D:8      | 5706 ||| IDENTIFYING metallic green potion
  5799 | D:9      | Noticed a troll
  5800 | D:9      | 5800 ||| INVOKING Heroism.
  5806 | D:9      | Killed a troll
  5807 | D:9      | Reached skill level 3 in Dodging
  5862 | D:9      | 5862 ||| INVOKING Heroism.
  5910 | D:9      | Found a burning altar of Makhleb.
  6034 | D:9      | 6034 ||| INVOKING Heroism.
  6045 | D:9      | Reached XP level 10. HP: 63/63 MP: 11/13
  6110 | D:9      | 6110 ||| INVOKING Heroism.
  6111 | D:9      | 6111 ||| Stepping ~*~*~tactically~*~*~ (outnumbered).
  6299 | D:9      | Reached skill level 8 in Fighting
  6425 | D:9      | 6425 ||| UPGRADING to +0 troll leather armour.
  6435 | D:9      | 6435 ||| DROPPING +2 leather armour of cold resistance.
  6436 | D:9      | 6436 ||| DROPPING +2 ring mail of willpower.
  6437 | D:9      | 6437 ||| READING scroll labelled QANUICZU HAJOU.
  6438 | D:9      | 6438 ||| DRINKING 2 fizzy grey potions.
  6438 | D:9      | Gained mutation: You have a pair of small horns on your
                  | head. [potion of mutation]
  6438 | D:9      | Gained mutation: Your spells are a little harder to cast,
                  | but a little more powerful. [potion of mutation]
  6438 | D:9      | Lost mutation: Your spells are a little harder to cast, but
                  | a little more powerful. [potion of mutation]
  6439 | D:9      | 6439 ||| DROPPING +0 helmet.
  6451 | D:10     | Entered Level 10 of the Dungeon
  6452 | D:10     | 6452 ||| Stepping ~*~*~tactically~*~*~ (outnumbered).
  6456 | D:10     | 6456 ||| Stepping ~*~*~tactically~*~*~ (outnumbered).
  6459 | D:10     | Noticed a kobold demonologist
  6460 | D:10     | 6460 ||| Stepping ~*~*~tactically~*~*~ (outnumbered).
  6493 | D:10     | Noticed a smoke demon
  6497 | D:10     | Killed a kobold demonologist
  6497 | D:10     | Reached *** piety under Okawaru
  6498 | D:10     | Reached skill level 12 in Ranged Weapons
  6528 | D:10     | Found a bloodstained altar of Trog.
  6529 | D:10     | Found a snail-covered altar of Cheibriados.
  6581 | D:10     | 6581 ||| INVOKING Heroism.
  6653 | D:10     | Found a staircase to the Lair.
  6674 | D:10     | 6674 ||| INVOKING Heroism.
  6708 | D:10     | Noticed a gargoyle
  6724 | D:10     | Killed a gargoyle
  6724 | D:10     | Reached **** piety under Okawaru
  6780 | D:10     | 6780 ||| INVOKING Heroism.
  6957 | D:10     | 6957 ||| PLANNING LAIR
  6957 | D:10     | 6957 ||| READING scroll labelled QIAJ SAMITAU.
  6989 | Lair:1   | Entered Level 1 of the Lair of Beasts
  7014 | Lair:1   | Reached XP level 11. HP: 69/69 MP: 14/14
  7060 | Lair:1   | Noticed a boulder beetle
  7061 | Lair:1   | 7061 ||| INVOKING Heroism.
  7067 | Lair:1   | Killed a boulder beetle
  7068 | Lair:1   | Reached skill level 9 in Fighting
  7147 | Lair:1   | 7147 ||| INVOKING Heroism.
  7180 | Lair:1   | 7180 ||| INVOKING Heroism.
  7293 | Lair:1   | Reached skill level 6 in Invocations
  7339 | Lair:1   | 7339 ||| INVOKING Heroism.
  7790 | Lair:1   | 7790 ||| UPGRADING to +5 ring of evasion.
  7792 | Lair:1   | 7792 ||| DRINKING 2 sapphire potions.
  7832 | Lair:2   | Found a staircase to the Snake Pit.
  7833 | Lair:2   | 7833 ||| Stepping ~*~*~tactically~*~*~ (outnumbered).
  7861 | Lair:2   | 7861 ||| INVOKING Heroism.
  7887 | Lair:2   | Noticed a lindwurm
  7888 | Lair:2   | 7888 ||| INVOKING Heroism.
  7923 | Lair:2   | 7923 ||| INVOKING Heroism.
  7962 | Lair:2   | 7962 ||| INVOKING Heroism.
  7967 | Lair:2   | Killed a lindwurm
  8017 | Lair:2   | Reached skill level 10 in Fighting
  8019 | Lair:2   | Reached ***** piety under Okawaru
  8140 | Lair:2   | 8140 ||| INVOKING Heroism.
  8161 | Lair:2   | Noticed a catoblepas
  8177 | Lair:2   | Killed a catoblepas
  8189 | Lair:2   | Reached XP level 12. HP: 76/77 MP: 18/18
  8202 | Lair:2   | Noticed a skyshark
  8209 | Lair:2   | Killed a skyshark
  8214 | Lair:2   | Noticed a five-headed hydra
  8215 | Lair:2   | 8215 ||| INVOKING Heroism.
  8216 | Lair:2   | 8216 ||| INVOKING Finesse.
  8224 | Lair:2   | Noticed Erica
  8231 | Lair:2   | Killed a five-headed hydra
  8232 | Lair:2   | Reached skill level 9 in Invocations
  8236 | Lair:2   | Killed Erica
  8236 | Lair:2   | Received a gift from Okawaru
  8320 | Lair:2   | 8320 ||| INVOKING Heroism.
  8362 | Lair:2   | Noticed a catoblepas
  8363 | Lair:2   | 8363 ||| INVOKING Heroism.
  8369 | Lair:2   | Killed a catoblepas
  8672 | Lair:2   | 8672 ||| DROPPING ring of resist corrosion.
  8673 | Lair:2   | 8673 ||| DROPPING ring of willpower.
  8674 | Lair:2   | 8674 ||| READING 2 scrolls of identify.
  8674 | Lair:2   | 8674 ||| IDENTIFYING orange potion
  8754 | Lair:3   | Reached skill level 11 in Fighting
  8863 | Lair:3   | 8863 ||| INVOKING Heroism.
  8909 | Lair:3   | 8909 ||| INVOKING Heroism.
  8915 | Lair:3   | Reached skill level 6 in Dodging
  9151 | Lair:3   | Reached skill level 12 in Fighting
  9170 | Lair:3   | Identified the +2 pair of boots of the Boiling Point {Int+5
                  | Stlth-} (Okawaru gifted it to you on level 3 of the Lair of
                  | Beasts)
  9170 | Lair:3   | Received a gift from Okawaru
  9177 | Lair:3   | Reached XP level 13. HP: 76/87 MP: 20/20
  9224 | Lair:3   | 9224 ||| INVOKING Heroism.
  9226 | Lair:3   | 9226 ||| INVOKING Finesse.
  9236 | Lair:3   | 9236 ||| Stepping ~*~*~tactically~*~*~ (outnumbered).
  9243 | Lair:3   | Reached skill level 13 in Fighting
  9312 | Lair:3   | Found a staircase to the Swamp.
  9353 | Lair:3   | 9353 ||| UPGRADING to +2 pair of boots of the Boiling Point
                  | {Int+5 Stlth-}.
  9362 | Lair:3   | 9362 ||| READING scroll labelled JOTHRE YWOEXO.
  9363 | Lair:3   | 9363 ||| FLEEEEING.
  9366 | Lair:3   | 9366 ||| FLEEEEING.
  9367 | Lair:3   | 9367 ||| FLEEEEING.
  9368 | Lair:3   | 9368 ||| FLEEEEING.
  9369 | Lair:3   | 9369 ||| FLEEEEING.
  9370 | Lair:3   | 9370 ||| FLEEEEING.
  9371 | Lair:3   | 9371 ||| FLEEEEING.
  9372 | Lair:3   | 9372 ||| FLEEEEING.
  9373 | Lair:3   | 9373 ||| FLEEEEING.
  9487 | Lair:3   | 9487 ||| INVOKING Heroism.
  9622 | Lair:4   | 9622 ||| FLEEEEING.
  9623 | Lair:4   | 9623 ||| FLEEEEING.
  9624 | Lair:4   | 9624 ||| FLEEEEING.
  9625 | Lair:4   | 9625 ||| FLEEEEING.
  9626 | Lair:4   | 9626 ||| FLEEEEING.
  9627 | Lair:4   | 9627 ||| STAIRDANCE
  9745 | Lair:4   | 9745 ||| STAIRDANCE
  9757 | Lair:4   | 9757 ||| STAIRDANCE
  9766 | Lair:4   | Reached skill level 6 in Armour
  9816 | Lair:4   | Found a transporter.
  9818 | Lair:4   | Found a transporter.
  9818 | Lair:4   | Found the +8 trishula "Condemnation" {holy, anguish, *Noise
                  | Fly rN+}
  9819 | Lair:4   | Noticed qw's ghost (journeyman MiHu)
  9872 | Lair:4   | 9872 ||| INVOKING Heroism.
  9915 | Lair:4   | 9915 ||| INVOKING Heroism.
  9999 | Lair:4   | 9999 ||| INVOKING Heroism.
 10063 | Lair:4   | 10063 ||| FLEEEEING.
 10065 | Lair:4   | 10065 ||| INVOKING Heroism.
 10067 | Lair:4   | 10067 ||| Stepping ~*~*~tactically~*~*~ (outnumbered).
 10092 | Lair:4   | 10092 ||| Stepping ~*~*~tactically~*~*~ (outnumbered).
 10094 | Lair:4   | 10094 ||| Stepping ~*~*~tactically~*~*~ (outnumbered).
 10096 | Lair:4   | 10096 ||| Stepping ~*~*~tactically~*~*~ (outnumbered).
 10098 | Lair:4   | 10098 ||| Stepping ~*~*~tactically~*~*~ (outnumbered).
 10100 | Lair:4   | 10100 ||| Stepping ~*~*~tactically~*~*~ (outnumbered).
 10103 | Lair:4   | 10103 ||| Stepping ~*~*~tactically~*~*~ (outnumbered).
 10106 | Lair:4   | 10106 ||| Stepping ~*~*~tactically~*~*~ (outnumbered).
 10109 | Lair:4   | 10109 ||| Stepping ~*~*~tactically~*~*~ (outnumbered).
 10111 | Lair:4   | 10111 ||| Stepping ~*~*~tactically~*~*~ (outnumbered).
 10113 | Lair:4   | 10113 ||| Stepping ~*~*~tactically~*~*~ (outnumbered).
 10115 | Lair:4   | 10115 ||| Stepping ~*~*~tactically~*~*~ (outnumbered).
 10117 | Lair:4   | 10117 ||| Stepping ~*~*~tactically~*~*~ (outnumbered).
 10119 | Lair:4   | 10119 ||| Stepping ~*~*~tactically~*~*~ (outnumbered).
 10121 | Lair:4   | 10121 ||| Stepping ~*~*~tactically~*~*~ (outnumbered).
 10123 | Lair:4   | 10123 ||| Stepping ~*~*~tactically~*~*~ (outnumbered).
 10125 | Lair:4   | 10125 ||| Stepping ~*~*~tactically~*~*~ (outnumbered).
 10127 | Lair:4   | 10127 ||| Stepping ~*~*~tactically~*~*~ (outnumbered).
 10129 | Lair:4   | 10129 ||| Stepping ~*~*~tactically~*~*~ (outnumbered).
 10131 | Lair:4   | 10131 ||| Stepping ~*~*~tactically~*~*~ (outnumbered).
 10133 | Lair:4   | 10133 ||| Stepping ~*~*~tactically~*~*~ (outnumbered).
 10135 | Lair:4   | 10135 ||| Stepping ~*~*~tactically~*~*~ (outnumbered).
 10137 | Lair:4   | 10137 ||| Stepping ~*~*~tactically~*~*~ (outnumbered).
 10140 | Lair:4   | 10140 ||| Stepping ~*~*~tactically~*~*~ (outnumbered).
 10142 | Lair:4   | 10142 ||| Stepping ~*~*~tactically~*~*~ (outnumbered).
 10144 | Lair:4   | 10144 ||| Stepping ~*~*~tactically~*~*~ (outnumbered).
 10146 | Lair:4   | 10146 ||| Stepping ~*~*~tactically~*~*~ (outnumbered).
 10148 | Lair:4   | 10148 ||| Stepping ~*~*~tactically~*~*~ (outnumbered).
 10151 | Lair:4   | 10151 ||| Stepping ~*~*~tactically~*~*~ (outnumbered).
 10154 | Lair:4   | 10154 ||| Stepping ~*~*~tactically~*~*~ (outnumbered).
 10156 | Lair:4   | 10156 ||| Stepping ~*~*~tactically~*~*~ (outnumbered).
 10158 | Lair:4   | 10158 ||| Stepping ~*~*~tactically~*~*~ (outnumbered).
 10160 | Lair:4   | 10160 ||| Stepping ~*~*~tactically~*~*~ (outnumbered).
 10162 | Lair:4   | 10162 ||| Stepping ~*~*~tactically~*~*~ (outnumbered).
 10165 | Lair:4   | 10165 ||| Stepping ~*~*~tactically~*~*~ (outnumbered).
 10167 | Lair:4   | 10167 ||| Stepping ~*~*~tactically~*~*~ (outnumbered).
 10169 | Lair:4   | 10169 ||| Stepping ~*~*~tactically~*~*~ (outnumbered).
 10171 | Lair:4   | 10171 ||| Stepping ~*~*~tactically~*~*~ (outnumbered).
 10173 | Lair:4   | 10173 ||| Stepping ~*~*~tactically~*~*~ (outnumbered).
 10175 | Lair:4   | 10175 ||| Stepping ~*~*~tactically~*~*~ (outnumbered).
 10177 | Lair:4   | 10177 ||| Stepping ~*~*~tactically~*~*~ (outnumbered).
 10179 | Lair:4   | 10179 ||| Stepping ~*~*~tactically~*~*~ (outnumbered).
 10184 | Lair:4   | 10184 ||| Stepping ~*~*~tactically~*~*~ (outnumbered).
 10186 | Lair:4   | 10186 ||| Stepping ~*~*~tactically~*~*~ (outnumbered).
 10189 | Lair:4   | 10189 ||| Stepping ~*~*~tactically~*~*~ (outnumbered).
 10191 | Lair:4   | 10191 ||| Stepping ~*~*~tactically~*~*~ (outnumbered).
 10193 | Lair:4   | 10193 ||| Stepping ~*~*~tactically~*~*~ (outnumbered).
 10195 | Lair:4   | 10195 ||| Stepping ~*~*~tactically~*~*~ (outnumbered).
 10197 | Lair:4   | 10197 ||| Stepping ~*~*~tactically~*~*~ (outnumbered).
 10199 | Lair:4   | 10199 ||| Stepping ~*~*~tactically~*~*~ (outnumbered).
 10201 | Lair:4   | 10201 ||| Stepping ~*~*~tactically~*~*~ (outnumbered).
 10204 | Lair:4   | 10204 ||| Stepping ~*~*~tactically~*~*~ (outnumbered).
 10206 | Lair:4   | 10206 ||| Stepping ~*~*~tactically~*~*~ (outnumbered).
 10208 | Lair:4   | 10208 ||| Stepping ~*~*~tactically~*~*~ (outnumbered).
 10210 | Lair:4   | 10210 ||| Stepping ~*~*~tactically~*~*~ (outnumbered).
 10213 | Lair:4   | 10213 ||| Stepping ~*~*~tactically~*~*~ (outnumbered).
 10215 | Lair:4   | 10215 ||| Stepping ~*~*~tactically~*~*~ (outnumbered).
 10217 | Lair:4   | 10217 ||| Stepping ~*~*~tactically~*~*~ (outnumbered).
 10219 | Lair:4   | 10219 ||| Stepping ~*~*~tactically~*~*~ (outnumbered).
 10221 | Lair:4   | 10221 ||| Stepping ~*~*~tactically~*~*~ (outnumbered).
 10223 | Lair:4   | 10223 ||| Stepping ~*~*~tactically~*~*~ (outnumbered).
 10225 | Lair:4   | 10225 ||| Stepping ~*~*~tactically~*~*~ (outnumbered).
 10227 | Lair:4   | 10227 ||| Stepping ~*~*~tactically~*~*~ (outnumbered).
 10229 | Lair:4   | 10229 ||| Stepping ~*~*~tactically~*~*~ (outnumbered).
 10231 | Lair:4   | 10231 ||| Stepping ~*~*~tactically~*~*~ (outnumbered).
 10233 | Lair:4   | 10233 ||| Stepping ~*~*~tactically~*~*~ (outnumbered).
 10235 | Lair:4   | 10235 ||| Stepping ~*~*~tactically~*~*~ (outnumbered).
 10237 | Lair:4   | 10237 ||| Stepping ~*~*~tactically~*~*~ (outnumbered).
 10239 | Lair:4   | 10239 ||| Stepping ~*~*~tactically~*~*~ (outnumbered).
 10241 | Lair:4   | 10241 ||| Stepping ~*~*~tactically~*~*~ (outnumbered).
 10243 | Lair:4   | 10243 ||| Stepping ~*~*~tactically~*~*~ (outnumbered).
 10246 | Lair:4   | 10246 ||| Stepping ~*~*~tactically~*~*~ (outnumbered).
 10248 | Lair:4   | 10248 ||| Stepping ~*~*~tactically~*~*~ (outnumbered).
 10250 | Lair:4   | 10250 ||| Stepping ~*~*~tactically~*~*~ (outnumbered).
 10252 | Lair:4   | 10252 ||| Stepping ~*~*~tactically~*~*~ (outnumbered).
 10254 | Lair:4   | 10254 ||| Stepping ~*~*~tactically~*~*~ (outnumbered).
 10256 | Lair:4   | 10256 ||| Stepping ~*~*~tactically~*~*~ (outnumbered).
 10259 | Lair:4   | 10259 ||| Stepping ~*~*~tactically~*~*~ (outnumbered).
 10261 | Lair:4   | 10261 ||| Stepping ~*~*~tactically~*~*~ (outnumbered).
 10263 | Lair:4   | 10263 ||| Stepping ~*~*~tactically~*~*~ (outnumbered).
 10265 | Lair:4   | 10265 ||| Stepping ~*~*~tactically~*~*~ (outnumbered).
 10267 | Lair:4   | 10267 ||| Stepping ~*~*~tactically~*~*~ (outnumbered).
 10269 | Lair:4   | 10269 ||| Stepping ~*~*~tactically~*~*~ (outnumbered).
 10271 | Lair:4   | 10271 ||| Stepping ~*~*~tactically~*~*~ (outnumbered).
 10273 | Lair:4   | 10273 ||| Stepping ~*~*~tactically~*~*~ (outnumbered).
 10277 | Lair:4   | 10277 ||| Stepping ~*~*~tactically~*~*~ (outnumbered).
 10279 | Lair:4   | 10279 ||| Stepping ~*~*~tactically~*~*~ (outnumbered).
 10281 | Lair:4   | 10281 ||| Stepping ~*~*~tactically~*~*~ (outnumbered).
 10283 | Lair:4   | 10283 ||| Stepping ~*~*~tactically~*~*~ (outnumbered).
 10285 | Lair:4   | 10285 ||| Stepping ~*~*~tactically~*~*~ (outnumbered).
 10287 | Lair:4   | 10287 ||| Stepping ~*~*~tactically~*~*~ (outnumbered).
 10289 | Lair:4   | 10289 ||| Stepping ~*~*~tactically~*~*~ (outnumbered).
 10291 | Lair:4   | 10291 ||| Stepping ~*~*~tactically~*~*~ (outnumbered).
 10293 | Lair:4   | 10293 ||| Stepping ~*~*~tactically~*~*~ (outnumbered).
 10295 | Lair:4   | 10295 ||| Stepping ~*~*~tactically~*~*~ (outnumbered).
 10298 | Lair:4   | 10298 ||| Stepping ~*~*~tactically~*~*~ (outnumbered).
 10300 | Lair:4   | 10300 ||| Stepping ~*~*~tactically~*~*~ (outnumbered).
 10302 | Lair:4   | 10302 ||| Stepping ~*~*~tactically~*~*~ (outnumbered).
 10304 | Lair:4   | 10304 ||| Stepping ~*~*~tactically~*~*~ (outnumbered).
 10306 | Lair:4   | 10306 ||| Stepping ~*~*~tactically~*~*~ (outnumbered).
 10308 | Lair:4   | 10308 ||| Stepping ~*~*~tactically~*~*~ (outnumbered).
 10310 | Lair:4   | 10310 ||| Stepping ~*~*~tactically~*~*~ (outnumbered).
 10312 | Lair:4   | 10312 ||| Stepping ~*~*~tactically~*~*~ (outnumbered).
 10314 | Lair:4   | 10314 ||| Stepping ~*~*~tactically~*~*~ (outnumbered).
 10316 | Lair:4   | 10316 ||| Stepping ~*~*~tactically~*~*~ (outnumbered).
 10318 | Lair:4   | 10318 ||| Stepping ~*~*~tactically~*~*~ (outnumbered).
 10320 | Lair:4   | 10320 ||| Stepping ~*~*~tactically~*~*~ (outnumbered).
 10322 | Lair:4   | 10322 ||| Stepping ~*~*~tactically~*~*~ (outnumbered).
 10325 | Lair:4   | 10325 ||| Stepping ~*~*~tactically~*~*~ (outnumbered).
 10327 | Lair:4   | 10327 ||| Stepping ~*~*~tactically~*~*~ (outnumbered).
 10329 | Lair:4   | 10329 ||| Stepping ~*~*~tactically~*~*~ (outnumbered).
 10331 | Lair:4   | 10331 ||| Stepping ~*~*~tactically~*~*~ (outnumbered).
 10333 | Lair:4   | 10333 ||| Stepping ~*~*~tactically~*~*~ (outnumbered).
 10335 | Lair:4   | 10335 ||| Stepping ~*~*~tactically~*~*~ (outnumbered).
 10337 | Lair:4   | 10337 ||| Stepping ~*~*~tactically~*~*~ (outnumbered).
 10339 | Lair:4   | 10339 ||| Stepping ~*~*~tactically~*~*~ (outnumbered).
 10341 | Lair:4   | 10341 ||| Stepping ~*~*~tactically~*~*~ (outnumbered).
 10343 | Lair:4   | 10343 ||| Stepping ~*~*~tactically~*~*~ (outnumbered).
 10345 | Lair:4   | 10345 ||| Stepping ~*~*~tactically~*~*~ (outnumbered).
 10348 | Lair:4   | 10348 ||| Stepping ~*~*~tactically~*~*~ (outnumbered).
 10350 | Lair:4   | 10350 ||| INVOKING Heroism.
 10351 | Lair:4   | 10351 ||| Stepping ~*~*~tactically~*~*~ (outnumbered).
 10362 | Lair:4   | 10362 ||| Stepping ~*~*~tactically~*~*~ (outnumbered).
 10364 | Lair:4   | 10364 ||| Stepping ~*~*~tactically~*~*~ (outnumbered).
 10366 | Lair:4   | 10366 ||| Stepping ~*~*~tactically~*~*~ (outnumbered).
 10368 | Lair:4   | 10368 ||| Stepping ~*~*~tactically~*~*~ (outnumbered).
 10370 | Lair:4   | 10370 ||| Stepping ~*~*~tactically~*~*~ (outnumbered).
 10372 | Lair:4   | 10372 ||| Stepping ~*~*~tactically~*~*~ (outnumbered).
 10374 | Lair:4   | 10374 ||| Stepping ~*~*~tactically~*~*~ (outnumbered).
 10376 | Lair:4   | 10376 ||| Stepping ~*~*~tactically~*~*~ (outnumbered).
 10378 | Lair:4   | 10378 ||| Stepping ~*~*~tactically~*~*~ (outnumbered).
 10380 | Lair:4   | 10380 ||| Stepping ~*~*~tactically~*~*~ (outnumbered).
 10383 | Lair:4   | 10383 ||| Stepping ~*~*~tactically~*~*~ (outnumbered).
 10385 | Lair:4   | 10385 ||| Stepping ~*~*~tactically~*~*~ (outnumbered).
 10387 | Lair:4   | 10387 ||| Stepping ~*~*~tactically~*~*~ (outnumbered).
 10389 | Lair:4   | 10389 ||| Stepping ~*~*~tactically~*~*~ (outnumbered).
 10391 | Lair:4   | 10391 ||| Stepping ~*~*~tactically~*~*~ (outnumbered).
 10393 | Lair:4   | 10393 ||| Stepping ~*~*~tactically~*~*~ (outnumbered).
 10395 | Lair:4   | 10395 ||| Stepping ~*~*~tactically~*~*~ (outnumbered).
 10397 | Lair:4   | 10397 ||| Stepping ~*~*~tactically~*~*~ (outnumbered).
 10399 | Lair:4   | 10399 ||| Stepping ~*~*~tactically~*~*~ (outnumbered).
 10402 | Lair:4   | 10402 ||| Stepping ~*~*~tactically~*~*~ (outnumbered).
 10405 | Lair:4   | 10405 ||| Stepping ~*~*~tactically~*~*~ (outnumbered).
 10407 | Lair:4   | 10407 ||| Stepping ~*~*~tactically~*~*~ (outnumbered).
 10409 | Lair:4   | 10409 ||| Stepping ~*~*~tactically~*~*~ (outnumbered).
 10411 | Lair:4   | 10411 ||| Stepping ~*~*~tactically~*~*~ (outnumbered).
 10413 | Lair:4   | 10413 ||| Stepping ~*~*~tactically~*~*~ (outnumbered).
 10415 | Lair:4   | 10415 ||| Stepping ~*~*~tactically~*~*~ (outnumbered).
 10417 | Lair:4   | 10417 ||| Stepping ~*~*~tactically~*~*~ (outnumbered).
 10419 | Lair:4   | 10419 ||| Stepping ~*~*~tactically~*~*~ (outnumbered).
 10421 | Lair:4   | 10421 ||| Stepping ~*~*~tactically~*~*~ (outnumbered).
 10423 | Lair:4   | 10423 ||| Stepping ~*~*~tactically~*~*~ (outnumbered).
 10425 | Lair:4   | 10425 ||| Stepping ~*~*~tactically~*~*~ (outnumbered).
 10427 | Lair:4   | 10427 ||| Stepping ~*~*~tactically~*~*~ (outnumbered).
 10431 | Lair:4   | 10431 ||| Stepping ~*~*~tactically~*~*~ (outnumbered).
 10433 | Lair:4   | 10433 ||| Stepping ~*~*~tactically~*~*~ (outnumbered).
 10435 | Lair:4   | 10435 ||| Stepping ~*~*~tactically~*~*~ (outnumbered).
 10437 | Lair:4   | 10437 ||| Stepping ~*~*~tactically~*~*~ (outnumbered).
 10439 | Lair:4   | 10439 ||| Stepping ~*~*~tactically~*~*~ (outnumbered).
 10442 | Lair:4   | 10442 ||| Stepping ~*~*~tactically~*~*~ (outnumbered).
 10444 | Lair:4   | 10444 ||| Stepping ~*~*~tactically~*~*~ (outnumbered).
 10446 | Lair:4   | 10446 ||| Stepping ~*~*~tactically~*~*~ (outnumbered).
 10448 | Lair:4   | 10448 ||| Stepping ~*~*~tactically~*~*~ (outnumbered).
 10450 | Lair:4   | 10450 ||| Stepping ~*~*~tactically~*~*~ (outnumbered).
 10452 | Lair:4   | 10452 ||| Stepping ~*~*~tactically~*~*~ (outnumbered).
 10454 | Lair:4   | 10454 ||| Stepping ~*~*~tactically~*~*~ (outnumbered).
 10456 | Lair:4   | 10456 ||| Stepping ~*~*~tactically~*~*~ (outnumbered).
 10458 | Lair:4   | 10458 ||| Stepping ~*~*~tactically~*~*~ (outnumbered).
 10460 | Lair:4   | 10460 ||| Stepping ~*~*~tactically~*~*~ (outnumbered).
 10462 | Lair:4   | 10462 ||| Stepping ~*~*~tactically~*~*~ (outnumbered).
 10464 | Lair:4   | 10464 ||| Stepping ~*~*~tactically~*~*~ (outnumbered).
 10466 | Lair:4   | 10466 ||| Stepping ~*~*~tactically~*~*~ (outnumbered).
 10469 | Lair:4   | 10469 ||| Stepping ~*~*~tactically~*~*~ (outnumbered).
 10471 | Lair:4   | 10471 ||| Stepping ~*~*~tactically~*~*~ (outnumbered).
 10473 | Lair:4   | 10473 ||| Stepping ~*~*~tactically~*~*~ (outnumbered).
 10475 | Lair:4   | 10475 ||| Stepping ~*~*~tactically~*~*~ (outnumbered).
 10477 | Lair:4   | 10477 ||| Stepping ~*~*~tactically~*~*~ (outnumbered).
 10480 | Lair:4   | 10480 ||| Stepping ~*~*~tactically~*~*~ (outnumbered).
 10482 | Lair:4   | 10482 ||| Stepping ~*~*~tactically~*~*~ (outnumbered).
 10484 | Lair:4   | 10484 ||| Stepping ~*~*~tactically~*~*~ (outnumbered).
 10486 | Lair:4   | 10486 ||| Stepping ~*~*~tactically~*~*~ (outnumbered).
 10488 | Lair:4   | 10488 ||| Stepping ~*~*~tactically~*~*~ (outnumbered).
 10490 | Lair:4   | 10490 ||| Stepping ~*~*~tactically~*~*~ (outnumbered).
 10492 | Lair:4   | 10492 ||| Stepping ~*~*~tactically~*~*~ (outnumbered).
 10494 | Lair:4   | 10494 ||| Stepping ~*~*~tactically~*~*~ (outnumbered).
 10497 | Lair:4   | 10497 ||| Stepping ~*~*~tactically~*~*~ (outnumbered).
 10499 | Lair:4   | 10499 ||| Stepping ~*~*~tactically~*~*~ (outnumbered).
 10501 | Lair:4   | 10501 ||| Stepping ~*~*~tactically~*~*~ (outnumbered).
 10503 | Lair:4   | 10503 ||| Stepping ~*~*~tactically~*~*~ (outnumbered).
 10506 | Lair:4   | 10506 ||| Stepping ~*~*~tactically~*~*~ (outnumbered).
 10509 | Lair:4   | 10509 ||| Stepping ~*~*~tactically~*~*~ (outnumbered).
 10511 | Lair:4   | 10511 ||| Stepping ~*~*~tactically~*~*~ (outnumbered).
 10513 | Lair:4   | 10513 ||| Stepping ~*~*~tactically~*~*~ (outnumbered).
 10516 | Lair:4   | 10516 ||| Stepping ~*~*~tactically~*~*~ (outnumbered).
 10518 | Lair:4   | 10518 ||| Stepping ~*~*~tactically~*~*~ (outnumbered).
 10520 | Lair:4   | 10520 ||| Stepping ~*~*~tactically~*~*~ (outnumbered).
 10522 | Lair:4   | 10522 ||| Stepping ~*~*~tactically~*~*~ (outnumbered).
 10524 | Lair:4   | 10524 ||| Stepping ~*~*~tactically~*~*~ (outnumbered).
 10526 | Lair:4   | 10526 ||| Stepping ~*~*~tactically~*~*~ (outnumbered).
 10528 | Lair:4   | 10528 ||| Stepping ~*~*~tactically~*~*~ (outnumbered).
 10530 | Lair:4   | 10530 ||| Stepping ~*~*~tactically~*~*~ (outnumbered).
 10532 | Lair:4   | 10532 ||| Stepping ~*~*~tactically~*~*~ (outnumbered).
 10535 | Lair:4   | 10535 ||| Stepping ~*~*~tactically~*~*~ (outnumbered).
 10538 | Lair:4   | 10538 ||| Stepping ~*~*~tactically~*~*~ (outnumbered).
 10540 | Lair:4   | 10540 ||| FLEEEEING.
 10546 | Lair:4   | 10546 ||| Stepping ~*~*~tactically~*~*~ (outnumbered).
 10548 | Lair:4   | 10548 ||| Stepping ~*~*~tactically~*~*~ (outnumbered).
 10550 | Lair:4   | 10550 ||| Stepping ~*~*~tactically~*~*~ (outnumbered).
 10552 | Lair:4   | 10552 ||| Stepping ~*~*~tactically~*~*~ (outnumbered).
 10554 | Lair:4   | 10554 ||| Stepping ~*~*~tactically~*~*~ (outnumbered).
 10556 | Lair:4   | 10556 ||| Stepping ~*~*~tactically~*~*~ (outnumbered).
 10558 | Lair:4   | 10558 ||| Stepping ~*~*~tactically~*~*~ (outnumbered).
 10560 | Lair:4   | 10560 ||| Stepping ~*~*~tactically~*~*~ (outnumbered).
 10562 | Lair:4   | 10562 ||| Stepping ~*~*~tactically~*~*~ (outnumbered).
 10564 | Lair:4   | 10564 ||| Stepping ~*~*~tactically~*~*~ (outnumbered).
 10566 | Lair:4   | 10566 ||| Stepping ~*~*~tactically~*~*~ (outnumbered).
 10568 | Lair:4   | 10568 ||| Stepping ~*~*~tactically~*~*~ (outnumbered).
 10570 | Lair:4   | 10570 ||| Stepping ~*~*~tactically~*~*~ (outnumbered).
 10572 | Lair:4   | 10572 ||| Stepping ~*~*~tactically~*~*~ (outnumbered).
 10574 | Lair:4   | 10574 ||| Stepping ~*~*~tactically~*~*~ (outnumbered).
 10576 | Lair:4   | 10576 ||| Stepping ~*~*~tactically~*~*~ (outnumbered).
 10579 | Lair:4   | 10579 ||| Stepping ~*~*~tactically~*~*~ (outnumbered).
 10582 | Lair:4   | 10582 ||| Stepping ~*~*~tactically~*~*~ (outnumbered).
 10584 | Lair:4   | 10584 ||| Stepping ~*~*~tactically~*~*~ (outnumbered).
 10586 | Lair:4   | 10586 ||| Stepping ~*~*~tactically~*~*~ (outnumbered).
 10588 | Lair:4   | 10588 ||| Stepping ~*~*~tactically~*~*~ (outnumbered).
 10591 | Lair:4   | 10591 ||| Stepping ~*~*~tactically~*~*~ (outnumbered).
 10593 | Lair:4   | 10593 ||| Stepping ~*~*~tactically~*~*~ (outnumbered).
 10595 | Lair:4   | 10595 ||| Stepping ~*~*~tactically~*~*~ (outnumbered).
 10597 | Lair:4   | 10597 ||| Stepping ~*~*~tactically~*~*~ (outnumbered).
 10599 | Lair:4   | 10599 ||| Stepping ~*~*~tactically~*~*~ (outnumbered).
 10601 | Lair:4   | 10601 ||| Stepping ~*~*~tactically~*~*~ (outnumbered).
 10603 | Lair:4   | 10603 ||| Stepping ~*~*~tactically~*~*~ (outnumbered).
 10605 | Lair:4   | 10605 ||| Stepping ~*~*~tactically~*~*~ (outnumbered).
 10607 | Lair:4   | 10607 ||| Stepping ~*~*~tactically~*~*~ (outnumbered).
 10609 | Lair:4   | 10609 ||| Stepping ~*~*~tactically~*~*~ (outnumbered).
 10611 | Lair:4   | 10611 ||| Stepping ~*~*~tactically~*~*~ (outnumbered).
 10613 | Lair:4   | 10613 ||| Stepping ~*~*~tactically~*~*~ (outnumbered).
 10615 | Lair:4   | 10615 ||| Stepping ~*~*~tactically~*~*~ (outnumbered).
 10617 | Lair:4   | 10617 ||| Stepping ~*~*~tactically~*~*~ (outnumbered).
 10619 | Lair:4   | 10619 ||| Stepping ~*~*~tactically~*~*~ (outnumbered).
 10621 | Lair:4   | 10621 ||| Stepping ~*~*~tactically~*~*~ (outnumbered).
 10623 | Lair:4   | 10623 ||| Stepping ~*~*~tactically~*~*~ (outnumbered).
 10626 | Lair:4   | 10626 ||| Stepping ~*~*~tactically~*~*~ (outnumbered).
 10630 | Lair:4   | 10630 ||| Stepping ~*~*~tactically~*~*~ (outnumbered).
 10633 | Lair:4   | 10633 ||| Stepping ~*~*~tactically~*~*~ (outnumbered).
 10635 | Lair:4   | 10635 ||| Stepping ~*~*~tactically~*~*~ (outnumbered).
 10637 | Lair:4   | 10637 ||| Stepping ~*~*~tactically~*~*~ (outnumbered).
 10640 | Lair:4   | 10640 ||| Stepping ~*~*~tactically~*~*~ (outnumbered).
 10642 | Lair:4   | 10642 ||| Stepping ~*~*~tactically~*~*~ (outnumbered).
 10644 | Lair:4   | 10644 ||| Stepping ~*~*~tactically~*~*~ (outnumbered).
 10649 | Lair:4   | 10649 ||| Stepping ~*~*~tactically~*~*~ (outnumbered).
 10652 | Lair:4   | 10652 ||| Stepping ~*~*~tactically~*~*~ (outnumbered).
 10654 | Lair:4   | 10654 ||| Stepping ~*~*~tactically~*~*~ (outnumbered).
 10656 | Lair:4   | 10656 ||| Stepping ~*~*~tactically~*~*~ (outnumbered).
 10658 | Lair:4   | 10658 ||| Stepping ~*~*~tactically~*~*~ (outnumbered).
 10660 | Lair:4   | 10660 ||| Stepping ~*~*~tactically~*~*~ (outnumbered).
 10664 | Lair:4   | 10664 ||| Stepping ~*~*~tactically~*~*~ (outnumbered).
 10666 | Lair:4   | 10666 ||| Stepping ~*~*~tactically~*~*~ (outnumbered).
 10668 | Lair:4   | 10668 ||| Stepping ~*~*~tactically~*~*~ (outnumbered).
 10670 | Lair:4   | 10670 ||| Stepping ~*~*~tactically~*~*~ (outnumbered).
 10672 | Lair:4   | 10672 ||| Stepping ~*~*~tactically~*~*~ (outnumbered).
 10674 | Lair:4   | 10674 ||| INVOKING Heroism.
 10675 | Lair:4   | 10675 ||| Stepping ~*~*~tactically~*~*~ (outnumbered).
 10687 | Lair:4   | 10687 ||| Stepping ~*~*~tactically~*~*~ (outnumbered).
 10689 | Lair:4   | 10689 ||| Stepping ~*~*~tactically~*~*~ (outnumbered).
 10691 | Lair:4   | 10691 ||| Stepping ~*~*~tactically~*~*~ (outnumbered).
 10693 | Lair:4   | 10693 ||| Stepping ~*~*~tactically~*~*~ (outnumbered).
 10695 | Lair:4   | 10695 ||| Stepping ~*~*~tactically~*~*~ (outnumbered).
 10697 | Lair:4   | 10697 ||| Stepping ~*~*~tactically~*~*~ (outnumbered).
 10699 | Lair:4   | 10699 ||| Stepping ~*~*~tactically~*~*~ (outnumbered).
 10701 | Lair:4   | 10701 ||| Stepping ~*~*~tactically~*~*~ (outnumbered).
 10703 | Lair:4   | 10703 ||| Stepping ~*~*~tactically~*~*~ (outnumbered).
 10705 | Lair:4   | 10705 ||| Stepping ~*~*~tactically~*~*~ (outnumbered).
 10707 | Lair:4   | 10707 ||| Stepping ~*~*~tactically~*~*~ (outnumbered).
 10709 | Lair:4   | 10709 ||| Stepping ~*~*~tactically~*~*~ (outnumbered).
 10712 | Lair:4   | 10712 ||| Stepping ~*~*~tactically~*~*~ (outnumbered).
 10714 | Lair:4   | 10714 ||| Stepping ~*~*~tactically~*~*~ (outnumbered).
 10716 | Lair:4   | 10716 ||| Stepping ~*~*~tactically~*~*~ (outnumbered).
 10718 | Lair:4   | 10718 ||| Stepping ~*~*~tactically~*~*~ (outnumbered).
 10720 | Lair:4   | 10720 ||| Stepping ~*~*~tactically~*~*~ (outnumbered).
 10722 | Lair:4   | 10722 ||| Stepping ~*~*~tactically~*~*~ (outnumbered).
 10724 | Lair:4   | 10724 ||| Stepping ~*~*~tactically~*~*~ (outnumbered).
 10726 | Lair:4   | 10726 ||| Stepping ~*~*~tactically~*~*~ (outnumbered).
 10728 | Lair:4   | 10728 ||| Stepping ~*~*~tactically~*~*~ (outnumbered).
 10730 | Lair:4   | 10730 ||| Stepping ~*~*~tactically~*~*~ (outnumbered).
 10732 | Lair:4   | 10732 ||| Stepping ~*~*~tactically~*~*~ (outnumbered).
 10734 | Lair:4   | 10734 ||| Stepping ~*~*~tactically~*~*~ (outnumbered).
 10737 | Lair:4   | 10737 ||| Stepping ~*~*~tactically~*~*~ (outnumbered).
 10739 | Lair:4   | 10739 ||| Stepping ~*~*~tactically~*~*~ (outnumbered).
 10741 | Lair:4   | 10741 ||| Stepping ~*~*~tactically~*~*~ (outnumbered).
 10743 | Lair:4   | 10743 ||| Stepping ~*~*~tactically~*~*~ (outnumbered).
 10745 | Lair:4   | 10745 ||| Stepping ~*~*~tactically~*~*~ (outnumbered).
 10747 | Lair:4   | 10747 ||| Stepping ~*~*~tactically~*~*~ (outnumbered).
 10749 | Lair:4   | 10749 ||| Stepping ~*~*~tactically~*~*~ (outnumbered).
 10751 | Lair:4   | 10751 ||| Stepping ~*~*~tactically~*~*~ (outnumbered).
 10753 | Lair:4   | 10753 ||| Stepping ~*~*~tactically~*~*~ (outnumbered).
 10755 | Lair:4   | 10755 ||| Stepping ~*~*~tactically~*~*~ (outnumbered).
 10757 | Lair:4   | 10757 ||| Stepping ~*~*~tactically~*~*~ (outnumbered).
 10759 | Lair:4   | 10759 ||| Stepping ~*~*~tactically~*~*~ (outnumbered).
 10761 | Lair:4   | 10761 ||| Stepping ~*~*~tactically~*~*~ (outnumbered).
 10763 | Lair:4   | 10763 ||| Stepping ~*~*~tactically~*~*~ (outnumbered).
 10765 | Lair:4   | 10765 ||| Stepping ~*~*~tactically~*~*~ (outnumbered).
 10767 | Lair:4   | 10767 ||| Stepping ~*~*~tactically~*~*~ (outnumbered).
 10769 | Lair:4   | 10769 ||| Stepping ~*~*~tactically~*~*~ (outnumbered).
 10771 | Lair:4   | 10771 ||| Stepping ~*~*~tactically~*~*~ (outnumbered).
 10773 | Lair:4   | 10773 ||| Stepping ~*~*~tactically~*~*~ (outnumbered).
 10775 | Lair:4   | 10775 ||| Stepping ~*~*~tactically~*~*~ (outnumbered).
 10777 | Lair:4   | 10777 ||| Stepping ~*~*~tactically~*~*~ (outnumbered).
 10779 | Lair:4   | 10779 ||| Stepping ~*~*~tactically~*~*~ (outnumbered).
 10784 | Lair:4   | 10784 ||| Stepping ~*~*~tactically~*~*~ (outnumbered).
 10786 | Lair:4   | 10786 ||| Stepping ~*~*~tactically~*~*~ (outnumbered).
 10788 | Lair:4   | 10788 ||| Stepping ~*~*~tactically~*~*~ (outnumbered).
 10790 | Lair:4   | 10790 ||| Stepping ~*~*~tactically~*~*~ (outnumbered).
 10792 | Lair:4   | 10792 ||| Stepping ~*~*~tactically~*~*~ (outnumbered).
 10794 | Lair:4   | 10794 ||| Stepping ~*~*~tactically~*~*~ (outnumbered).
 10797 | Lair:4   | 10797 ||| Stepping ~*~*~tactically~*~*~ (outnumbered).
 10799 | Lair:4   | 10799 ||| Stepping ~*~*~tactically~*~*~ (outnumbered).
 10801 | Lair:4   | 10801 ||| Stepping ~*~*~tactically~*~*~ (outnumbered).
 10803 | Lair:4   | 10803 ||| Stepping ~*~*~tactically~*~*~ (outnumbered).
 10806 | Lair:4   | 10806 ||| Stepping ~*~*~tactically~*~*~ (outnumbered).
 10808 | Lair:4   | 10808 ||| Stepping ~*~*~tactically~*~*~ (outnumbered).
 10810 | Lair:4   | 10810 ||| Stepping ~*~*~tactically~*~*~ (outnumbered).
 10812 | Lair:4   | 10812 ||| Stepping ~*~*~tactically~*~*~ (outnumbered).
 10814 | Lair:4   | 10814 ||| Stepping ~*~*~tactically~*~*~ (outnumbered).
 10816 | Lair:4   | 10816 ||| Stepping ~*~*~tactically~*~*~ (outnumbered).
 10818 | Lair:4   | 10818 ||| Stepping ~*~*~tactically~*~*~ (outnumbered).
 10820 | Lair:4   | 10820 ||| Stepping ~*~*~tactically~*~*~ (outnumbered).
 10822 | Lair:4   | 10822 ||| Stepping ~*~*~tactically~*~*~ (outnumbered).
 10824 | Lair:4   | 10824 ||| Stepping ~*~*~tactically~*~*~ (outnumbered).
 10826 | Lair:4   | 10826 ||| Stepping ~*~*~tactically~*~*~ (outnumbered).
 10828 | Lair:4   | 10828 ||| Stepping ~*~*~tactically~*~*~ (outnumbered).
 10830 | Lair:4   | 10830 ||| Stepping ~*~*~tactically~*~*~ (outnumbered).
 10832 | Lair:4   | 10832 ||| Stepping ~*~*~tactically~*~*~ (outnumbered).
 10834 | Lair:4   | 10834 ||| Stepping ~*~*~tactically~*~*~ (outnumbered).
 10836 | Lair:4   | 10836 ||| Stepping ~*~*~tactically~*~*~ (outnumbered).
 10838 | Lair:4   | 10838 ||| Stepping ~*~*~tactically~*~*~ (outnumbered).
 10840 | Lair:4   | 10840 ||| Stepping ~*~*~tactically~*~*~ (outnumbered).
 10842 | Lair:4   | 10842 ||| Stepping ~*~*~tactically~*~*~ (outnumbered).
 10844 | Lair:4   | 10844 ||| Stepping ~*~*~tactically~*~*~ (outnumbered).
 10846 | Lair:4   | 10846 ||| Stepping ~*~*~tactically~*~*~ (outnumbered).
 10848 | Lair:4   | 10848 ||| Stepping ~*~*~tactically~*~*~ (outnumbered).
 10850 | Lair:4   | 10850 ||| Stepping ~*~*~tactically~*~*~ (outnumbered).
 10853 | Lair:4   | 10853 ||| Stepping ~*~*~tactically~*~*~ (outnumbered).
 10855 | Lair:4   | 10855 ||| Stepping ~*~*~tactically~*~*~ (outnumbered).
 10857 | Lair:4   | 10857 ||| Stepping ~*~*~tactically~*~*~ (outnumbered).
 10859 | Lair:4   | 10859 ||| Stepping ~*~*~tactically~*~*~ (outnumbered).
 10861 | Lair:4   | 10861 ||| Stepping ~*~*~tactically~*~*~ (outnumbered).
 10863 | Lair:4   | 10863 ||| Stepping ~*~*~tactically~*~*~ (outnumbered).
 10865 | Lair:4   | 10865 ||| Stepping ~*~*~tactically~*~*~ (outnumbered).
 10867 | Lair:4   | 10867 ||| Stepping ~*~*~tactically~*~*~ (outnumbered).
 10869 | Lair:4   | 10869 ||| Stepping ~*~*~tactically~*~*~ (outnumbered).
 10871 | Lair:4   | 10871 ||| Stepping ~*~*~tactically~*~*~ (outnumbered).
 10873 | Lair:4   | 10873 ||| Stepping ~*~*~tactically~*~*~ (outnumbered).
 10875 | Lair:4   | 10875 ||| Stepping ~*~*~tactically~*~*~ (outnumbered).
 10877 | Lair:4   | 10877 ||| Stepping ~*~*~tactically~*~*~ (outnumbered).
 10880 | Lair:4   | 10880 ||| Stepping ~*~*~tactically~*~*~ (outnumbered).
 10882 | Lair:4   | 10882 ||| Stepping ~*~*~tactically~*~*~ (outnumbered).
 10884 | Lair:4   | 10884 ||| Stepping ~*~*~tactically~*~*~ (outnumbered).
 10886 | Lair:4   | 10886 ||| Stepping ~*~*~tactically~*~*~ (outnumbered).
 10890 | Lair:4   | 10890 ||| Stepping ~*~*~tactically~*~*~ (outnumbered).
 10892 | Lair:4   | 10892 ||| Stepping ~*~*~tactically~*~*~ (outnumbered).
 10895 | Lair:4   | 10895 ||| Stepping ~*~*~tactically~*~*~ (outnumbered).
 10898 | Lair:4   | 10898 ||| Stepping ~*~*~tactically~*~*~ (outnumbered).
 10900 | Lair:4   | 10900 ||| Stepping ~*~*~tactically~*~*~ (outnumbered).
 10902 | Lair:4   | 10902 ||| Stepping ~*~*~tactically~*~*~ (outnumbered).
 10904 | Lair:4   | 10904 ||| Stepping ~*~*~tactically~*~*~ (outnumbered).
 10906 | Lair:4   | 10906 ||| Stepping ~*~*~tactically~*~*~ (outnumbered).
 10908 | Lair:4   | 10908 ||| Stepping ~*~*~tactically~*~*~ (outnumbered).
 10910 | Lair:4   | 10910 ||| Stepping ~*~*~tactically~*~*~ (outnumbered).
 10912 | Lair:4   | 10912 ||| Stepping ~*~*~tactically~*~*~ (outnumbered).
 10914 | Lair:4   | 10914 ||| Stepping ~*~*~tactically~*~*~ (outnumbered).
 10916 | Lair:4   | 10916 ||| Stepping ~*~*~tactically~*~*~ (outnumbered).
 10918 | Lair:4   | 10918 ||| Stepping ~*~*~tactically~*~*~ (outnumbered).
 10920 | Lair:4   | 10920 ||| Stepping ~*~*~tactically~*~*~ (outnumbered).
 10922 | Lair:4   | 10922 ||| Stepping ~*~*~tactically~*~*~ (outnumbered).
 10924 | Lair:4   | 10924 ||| Stepping ~*~*~tactically~*~*~ (outnumbered).
 10926 | Lair:4   | 10926 ||| Stepping ~*~*~tactically~*~*~ (outnumbered).
 10929 | Lair:4   | 10929 ||| Stepping ~*~*~tactically~*~*~ (outnumbered).
 10931 | Lair:4   | 10931 ||| Stepping ~*~*~tactically~*~*~ (outnumbered).
 10933 | Lair:4   | 10933 ||| Stepping ~*~*~tactically~*~*~ (outnumbered).
 10935 | Lair:4   | 10935 ||| Stepping ~*~*~tactically~*~*~ (outnumbered).
 10937 | Lair:4   | 10937 ||| Stepping ~*~*~tactically~*~*~ (outnumbered).
 10939 | Lair:4   | 10939 ||| Stepping ~*~*~tactically~*~*~ (outnumbered).
 10941 | Lair:4   | 10941 ||| Stepping ~*~*~tactically~*~*~ (outnumbered).
 10943 | Lair:4   | 10943 ||| Stepping ~*~*~tactically~*~*~ (outnumbered).
 10945 | Lair:4   | 10945 ||| Stepping ~*~*~tactically~*~*~ (outnumbered).
 10947 | Lair:4   | 10947 ||| Stepping ~*~*~tactically~*~*~ (outnumbered).
 10949 | Lair:4   | 10949 ||| Stepping ~*~*~tactically~*~*~ (outnumbered).
 10951 | Lair:4   | 10951 ||| Stepping ~*~*~tactically~*~*~ (outnumbered).
 10953 | Lair:4   | 10953 ||| Stepping ~*~*~tactically~*~*~ (outnumbered).
 10956 | Lair:4   | 10956 ||| Stepping ~*~*~tactically~*~*~ (outnumbered).
 10958 | Lair:4   | 10958 ||| Stepping ~*~*~tactically~*~*~ (outnumbered).
 10960 | Lair:4   | 10960 ||| Stepping ~*~*~tactically~*~*~ (outnumbered).
 10962 | Lair:4   | 10962 ||| Stepping ~*~*~tactically~*~*~ (outnumbered).
 10964 | Lair:4   | 10964 ||| Stepping ~*~*~tactically~*~*~ (outnumbered).
 10966 | Lair:4   | 10966 ||| Stepping ~*~*~tactically~*~*~ (outnumbered).
 10968 | Lair:4   | 10968 ||| Stepping ~*~*~tactically~*~*~ (outnumbered).
 10970 | Lair:4   | 10970 ||| Stepping ~*~*~tactically~*~*~ (outnumbered).
 10972 | Lair:4   | 10972 ||| Stepping ~*~*~tactically~*~*~ (outnumbered).
 10975 | Lair:4   | 10975 ||| Stepping ~*~*~tactically~*~*~ (outnumbered).
 10977 | Lair:4   | 10977 ||| Stepping ~*~*~tactically~*~*~ (outnumbered).
 10979 | Lair:4   | 10979 ||| Stepping ~*~*~tactically~*~*~ (outnumbered).
 10981 | Lair:4   | 10981 ||| Stepping ~*~*~tactically~*~*~ (outnumbered).
 10983 | Lair:4   | 10983 ||| Stepping ~*~*~tactically~*~*~ (outnumbered).
 10985 | Lair:4   | 10985 ||| Stepping ~*~*~tactically~*~*~ (outnumbered).
 10987 | Lair:4   | 10987 ||| Stepping ~*~*~tactically~*~*~ (outnumbered).
 10989 | Lair:4   | 10989 ||| Stepping ~*~*~tactically~*~*~ (outnumbered).
 10993 | Lair:4   | 10993 ||| Stepping ~*~*~tactically~*~*~ (outnumbered).
 10995 | Lair:4   | 10995 ||| Stepping ~*~*~tactically~*~*~ (outnumbered).
 10997 | Lair:4   | 10997 ||| Stepping ~*~*~tactically~*~*~ (outnumbered).
 10999 | Lair:4   | 10999 ||| Stepping ~*~*~tactically~*~*~ (outnumbered).
 11001 | Lair:4   | 11001 ||| Stepping ~*~*~tactically~*~*~ (outnumbered).
 11003 | Lair:4   | 11003 ||| Stepping ~*~*~tactically~*~*~ (outnumbered).
 11005 | Lair:4   | 11005 ||| Stepping ~*~*~tactically~*~*~ (outnumbered).
 11007 | Lair:4   | 11007 ||| Stepping ~*~*~tactically~*~*~ (outnumbered).
 11009 | Lair:4   | 11009 ||| Stepping ~*~*~tactically~*~*~ (outnumbered).
 11011 | Lair:4   | 11011 ||| Stepping ~*~*~tactically~*~*~ (outnumbered).
 11013 | Lair:4   | 11013 ||| Stepping ~*~*~tactically~*~*~ (outnumbered).
 11016 | Lair:4   | 11016 ||| Stepping ~*~*~tactically~*~*~ (outnumbered).
 11018 | Lair:4   | 11018 ||| Stepping ~*~*~tactically~*~*~ (outnumbered).
 11021 | Lair:4   | 11021 ||| Stepping ~*~*~tactically~*~*~ (outnumbered).
 11023 | Lair:4   | 11023 ||| Stepping ~*~*~tactically~*~*~ (outnumbered).
 11025 | Lair:4   | 11025 ||| Stepping ~*~*~tactically~*~*~ (outnumbered).
 11027 | Lair:4   | 11027 ||| Stepping ~*~*~tactically~*~*~ (outnumbered).
 11027 | Lair:4   | 11027 ||| PLANNING LAIR
 11030 | Lair:4   | 11030 ||| INVOKING Heroism.
 11031 | Lair:4   | 11031 ||| Stepping ~*~*~tactically~*~*~ (outnumbered).
 11234 | Lair:4   | 11234 ||| PLANNING LAIR
 11487 | Lair:4   | 11487 ||| UPGRADING to quicksilver dragon scales.
 11497 | Lair:4   | 11497 ||| DROPPING +0 troll leather armour.
 11510 | Lair:5   | Entered Level 5 of the Lair of Beasts
 11612 | Lair:5   | 11612 ||| INVOKING Heroism.
 11660 | Lair:5   | Received a gift from Okawaru
 11670 | Lair:5   | 11670 ||| INVOKING Heroism.
 11675 | Lair:5   | Reached skill level 9 in Armour
 11679 | Lair:5   | HP: 22/89 [komodo dragon (6)]
 11680 | Lair:5   | 11680 ||| READING 4 scrolls of teleportation.
 11682 | Lair:5   | 11682 ||| DRINKING 4 potions of heal wounds.
 11744 | Lair:5   | Found an iron altar of Okawaru.
 11782 | Lair:5   | 11782 ||| INVOKING Heroism.
 11802 | Lair:5   | 11802 ||| INVOKING Heroism.
 11928 | Lair:5   | 11928 ||| INVOKING Heroism.
 11932 | Lair:5   | Gained mutation: Your large and strong wings let you fly.
                  | [Gargoyle growth]
 11932 | Lair:5   | Reached XP level 14. HP: 95/95 MP: 18/21
 11955 | Lair:5   | 11955 ||| INVOKING Heroism.
 11996 | Lair:5   | 11996 ||| INVOKING Heroism.
 12029 | Lair:5   | Reached skill level 14 in Fighting
 12030 | Lair:5   | 12030 ||| INVOKING Heroism.
 12057 | Lair:5   | Received a gift from Okawaru
 12097 | Lair:5   | 12097 ||| INVOKING Heroism.
 12099 | Lair:5   | 12099 ||| Stepping ~*~*~tactically~*~*~ (outnumbered).
 12158 | Lair:5   | Reached skill level 12 in Armour
 12169 | Lair:5   | 12169 ||| INVOKING Heroism.
 12263 | Lair:5   | 12263 ||| INVOKING Heroism.
 12333 | Lair:5   | 12333 ||| INVOKING Heroism.
 12395 | Lair:5   | 12395 ||| FLEEEEING.
 12401 | Lair:5   | 12401 ||| FLEEEEING.
 12402 | Lair:5   | 12402 ||| FLEEEEING.
 12403 | Lair:5   | 12403 ||| FLEEEEING.
 12404 | Lair:5   | 12404 ||| FLEEEEING.
 12405 | Lair:5   | 12405 ||| FLEEEEING.
 12406 | Lair:5   | 12406 ||| FLEEEEING.
 12407 | Lair:5   | 12407 ||| FLEEEEING.
 12408 | Lair:5   | 12408 ||| FLEEEEING.
 12409 | Lair:5   | 12409 ||| FLEEEEING.
 12410 | Lair:5   | 12410 ||| STAIRDANCE
 12497 | Lair:4   | 12497 ||| READING 2 scrolls of identify.
 12497 | Lair:4   | 12497 ||| IDENTIFYING dark potion
 12498 | Lair:4   | 12498 ||| DROPPING potion of enlightenment.
 12711 | Lair:5   | Reached skill level 15 in Fighting
 12778 | Lair:5   | 12778 ||| INVOKING Heroism.
 12827 | Lair:5   | 12827 ||| INVOKING Heroism.
 12954 | Lair:5   | Found a staircase to the Slime Pits.
 13008 | Lair:5   | 13008 ||| PLANNING D:1-11
 13202 | D:11     | 13202 ||| INVOKING Heroism.
 13334 | D:11     | Found a portal to a secret trove of treasure.
 13348 | D:11     | Found a runed translucent door.
 13830 | D:11     | 13830 ||| READING scroll of acquirement.
 13830 | D:11     | 13830 ||| ACQUIRING 630 gold pieces
 13830 | D:11     | Acquired 630 gold pieces
 13854 | D:11     | Noticed Piexesis's ghost (journeyman BaMo)
 13856 | D:11     | 13856 ||| PLANNING D
 13856 | D:11     | 13856 ||| READING scroll labelled HUURHE ELUDD.
 13857 | D:11     | 13857 ||| READING scroll labelled QAZ UNITTAISSY.
 13858 | D:11     | 13858 ||| READING 6 scrolls of identify.
 13858 | D:11     | 13858 ||| IDENTIFYING fizzy golden potion
 13859 | D:11     | 13859 ||| DROPPING potion of brilliance.
 13902 | D:12     | Found Fitwuhib's Book Shoppe.
 13925 | D:12     | 13925 ||| Stepping ~*~*~tactically~*~*~ (outnumbered).
 13941 | D:12     | 13941 ||| INVOKING Heroism.
 13942 | D:12     | 13942 ||| INVOKING Finesse.
 13975 | D:12     | Reached skill level 16 in Fighting
 14166 | D:12     | Found a staircase to the Orcish Mines.
 14172 | D:12     | Reached XP level 15. HP: 104/104 MP: 22/22
 14203 | D:12     | Noticed Psyche
 14209 | D:12     | Killed Psyche
 14256 | D:12     | 14256 ||| READING scroll of enchant armour.
 14256 | D:12     | 14256 ||| ENCHANTING +0 pair of gloves.
 14262 | D:12     | 14262 ||| INVOKING Heroism.
 14304 | D:12     | Identified the +2 buckler of Wofoc {rF+ MP+9} (Okawaru
                  | gifted it to you on level 12 of the Dungeon)
 14304 | D:12     | Received a gift from Okawaru
 14359 | D:12     | Noticed Sonja
 14360 | D:12     | 14360 ||| INVOKING Finesse.
 14377 | D:12     | Killed Sonja
 14628 | D:12     | Noticed Snorg
 14629 | D:12     | 14629 ||| INVOKING Heroism.
 14643 | D:12     | Killed Snorg
 14770 | D:12     | 14770 ||| INVOKING Heroism.
 14771 | D:12     | 14771 ||| Stepping ~*~*~tactically~*~*~ (outnumbered).
 14824 | D:12     | Reached skill level 9 in Dodging
 14827 | D:12     | 14827 ||| INVOKING Heroism.
 14848 | D:12     | 14848 ||| INVOKING Heroism.
 14926 | D:13     | 14926 ||| Stepping ~*~*~tactically~*~*~ (outnumbered).
 14929 | D:13     | 14929 ||| Stepping ~*~*~tactically~*~*~ (outnumbered).
 14932 | D:13     | 14932 ||| Stepping ~*~*~tactically~*~*~ (outnumbered).
 14936 | D:13     | 14936 ||| Stepping ~*~*~tactically~*~*~ (outnumbered).
 15115 | D:13     | Found Kausasch's Magic Scroll Shoppe.
 15123 | D:13     | 15123 ||| BUYING scroll of identify (28 gold).
 15123 | D:13     | Bought a scroll of identify for 28 gold pieces
 15123 | D:13     | 15123 ||| BUYING scroll of identify (28 gold).
 15123 | D:13     | Bought a scroll of identify for 28 gold pieces
 15123 | D:13     | 15123 ||| BUYING scroll of teleportation (42 gold).
 15123 | D:13     | Bought a scroll of teleportation for 42 gold pieces
 15173 | D:13     | 15173 ||| INVOKING Heroism.
 15206 | D:13     | Reached skill level 17 in Fighting
 15259 | D:13     | 15259 ||| INVOKING Heroism.
 15400 | D:13     | Found a gate to the Vaults.
 15458 | D:13     | 15458 ||| INVOKING Heroism.
 15597 | D:13     | 15597 ||| INVOKING Heroism.
 15676 | D:13     | Noticed Urug
 15677 | D:13     | 15677 ||| INVOKING Heroism.
 15685 | D:13     | Killed Urug
 15712 | D:13     | Noticed Azrael
 15721 | D:13     | 15721 ||| INVOKING Heroism.
 15730 | D:13     | Killed Azrael
 16168 | D:13     | 16168 ||| DRINKING 3 fuming emerald potions.
 16273 | D:13     | 16273 ||| DROPPING 2 potions of berserk rage.
 16327 | D:14     | 16327 ||| STAIRDANCE
 16334 | D:13     | 16334 ||| INVOKING Heroism.
 16399 | D:14     | 16399 ||| STAIRDANCE
 16457 | D:14     | Found a broken altar of Ashenzari.
 16551 | D:14     | 16551 ||| INVOKING Heroism.
 16561 | D:14     | 16561 ||| Stepping ~*~*~tactically~*~*~ (outnumbered).
 16570 | D:14     | HP: 14/107 [centaur warrior/arrow (13)]
 16571 | D:14     | 16571 ||| READING 5 scrolls of teleportation.
 16572 | D:14     | 16572 ||| DRINKING 3 potions of heal wounds.
 16659 | D:14     | Identified the +5 shortbow "Qeva" {flame, rPois rN+ Int-4}
 16855 | D:14     | 16855 ||| SWAPPING to +0 arbalest.
 16856 | D:14     | 16856 ||| DROPPING +0 orcbow.
 16857 | D:14     | 16857 ||| READING scroll of enchant weapon.
 16857 | D:14     | 16857 ||| ENCHANTING +0 arbalest.
 16876 | D:14     | 16876 ||| INVOKING Heroism.
 16878 | D:14     | 16878 ||| Stepping ~*~*~tactically~*~*~ (outnumbered).
 17001 | D:14     | Found a runed translucent door.
 17147 | D:14     | 17147 ||| INVOKING Heroism.
 17148 | D:14     | 17148 ||| Stepping ~*~*~tactically~*~*~ (outnumbered).
 17220 | D:14     | 17220 ||| INVOKING Heroism.
 17222 | D:14     | 17222 ||| SWAPPING to +5 shortbow "Qeva" {flame, rPois rN+
                  | Int-4}.
 17228 | D:14     | 17228 ||| SWAPPING to +1 arbalest.
 17512 | D:14     | 17512 ||| READING 7 scrolls of identify.
 17512 | D:14     | 17512 ||| IDENTIFYING clear potion
 17568 | D:15     | Entered Level 15 of the Dungeon
 17570 | D:15     | Found a runed translucent gate.
 17570 | D:15     | Found a runed translucent gate.
 17570 | D:15     | Found a runed translucent gate.
 17573 | D:15     | Noticed Xiestris's ghost (journeyman DsGl)
 17665 | D:15     | 17665 ||| READING scroll of enchant armour.
 17665 | D:15     | 17665 ||| ENCHANTING +1 pair of gloves.
 17707 | D:15     | Reached XP level 16. HP: 108/114 MP: 23/23
 17727 | D:15     | 17727 ||| INVOKING Heroism.
 17757 | D:15     | 17757 ||| FLEEEEING.
 17758 | D:15     | 17758 ||| FLEEEEING.
 17759 | D:15     | 17759 ||| FLEEEEING.
 17760 | D:15     | 17760 ||| FLEEEEING.
 17761 | D:15     | 17761 ||| INVOKING Heroism.
 17762 | D:15     | 17762 ||| FLEEEEING.
 17763 | D:15     | 17763 ||| FLEEEEING.
 17766 | D:15     | 17766 ||| STAIRDANCE
 17957 | D:15     | Identified Roxanne's Papyrus of the Xenotype
 17957 | D:15     | Noticed Roxanne
 17958 | D:15     | 17958 ||| INVOKING Heroism.
 17959 | D:15     | 17959 ||| SWAPPING to +5 shortbow "Qeva" {flame, rPois rN+
                  | Int-4}.
 17962 | D:15     | 17962 ||| SWAPPING to +1 arbalest.
 17964 | D:15     | 17964 ||| SWAPPING to +5 shortbow "Qeva" {flame, rPois rN+
                  | Int-4}.
 17968 | D:15     | 17968 ||| SWAPPING to +1 arbalest.
 17993 | D:15     | Killed Roxanne
 18069 | D:15     | 18069 ||| READING scroll of enchant weapon.
 18069 | D:15     | 18069 ||| ENCHANTING +1 arbalest.
 18152 | D:15     | Reached skill level 15 in Ranged Weapons
 18161 | D:15     | 18161 ||| INVOKING Heroism.
 18238 | D:15     | 18238 ||| INVOKING Heroism.
 18244 | D:15     | 18244 ||| Stepping ~*~*~tactically~*~*~ (outnumbered).
 18255 | D:15     | 18255 ||| Stepping ~*~*~tactically~*~*~ (outnumbered).
 18274 | D:15     | 18274 ||| READING 4 scrolls of teleportation.
 18275 | D:15     | 18275 ||| INVOKING Heroism.
 18474 | D:15     | 18474 ||| INVOKING Heroism.
 18510 | D:15     | Found a staircase to the Depths.
 18541 | D:15     | 18541 ||| PLANNING ORC
 18612 | Orc:1    | Entered Level 1 of the Orcish Mines
 18635 | Orc:1    | Noticed Gastronok
 18651 | Orc:1    | Killed Gastronok
 18789 | Orc:1    | 18789 ||| FLEEEEING.
 19032 | Orc:1    | Noticed Fannar
 19033 | Orc:1    | 19033 ||| FLEEEEING.
 19048 | Orc:1    | Killed Fannar
 19074 | Orc:1    | Found Teloab's Assorted Antiques.
 19081 | Orc:1    | 19081 ||| BUYING potion of curing (75 gold).
 19081 | Orc:1    | Bought a potion of curing for 75 gold pieces
 19081 | Orc:1    | 19081 ||| BUYING potion of curing (75 gold).
 19081 | Orc:1    | Bought a potion of curing for 75 gold pieces
 19081 | Orc:1    | 19081 ||| BUYING scroll of enchant weapon (187 gold).
 19081 | Orc:1    | Bought a scroll of enchant weapon for 187 gold pieces
 19081 | Orc:1    | 19081 ||| BUYING scroll of identify (50 gold).
 19081 | Orc:1    | Bought a scroll of identify for 50 gold pieces
 19081 | Orc:1    | 19081 ||| BUYING scroll of identify (50 gold).
 19081 | Orc:1    | Bought a scroll of identify for 50 gold pieces
 19081 | Orc:1    | 19081 ||| BUYING scroll of teleportation (75 gold).
 19081 | Orc:1    | Bought a scroll of teleportation for 75 gold pieces
 19081 | Orc:1    | 19081 ||| READING scroll of enchant weapon.
 19081 | Orc:1    | 19081 ||| ENCHANTING +2 arbalest.
 19089 | Orc:1    | 19089 ||| Stepping ~*~*~tactically~*~*~ (outnumbered).
 19091 | Orc:1    | 19091 ||| Stepping ~*~*~tactically~*~*~ (outnumbered).
 19093 | Orc:1    | 19093 ||| Stepping ~*~*~tactically~*~*~ (outnumbered).
 19095 | Orc:1    | 19095 ||| Stepping ~*~*~tactically~*~*~ (outnumbered).
 19323 | Orc:2    | Entered Level 2 of the Orcish Mines
 19495 | Orc:2    | Found a dark tunnel.
 19546 | Orc:2    | 19546 ||| Stepping ~*~*~tactically~*~*~ (outnumbered).
 19580 | Orc:2    | 19580 ||| INVOKING Heroism.
 19595 | Orc:2    | 19595 ||| Stepping ~*~*~tactically~*~*~ (outnumbered).
 19621 | Orc:2    | 19621 ||| Stepping ~*~*~tactically~*~*~ (outnumbered).
 19622 | Orc:2    | 19622 ||| Stepping ~*~*~tactically~*~*~ (outnumbered).
 19624 | Orc:2    | 19624 ||| Stepping ~*~*~tactically~*~*~ (outnumbered).
 19650 | Orc:2    | 19650 ||| INVOKING Heroism.
 19673 | Orc:2    | Noticed Blork the orc
 19692 | Orc:2    | 19692 ||| INVOKING Heroism.
 19703 | Orc:2    | Killed Blork the orc
 19719 | Orc:2    | Mangled by an orc warlord

Levels and vault maps discovered:
D:1:      dpeg_arrival_long_road, layout_loops_cross
D:2:      layout_basic
D:3:      layout_basic, mainiacjoe_overflow_big_doors, serial_shops, shop,
          dreamdust_ecumenical_altar_grove, serial_corexii_hall,
          chequers_hall_statues_wall_a, corexii_hall_statues_t
D:4:      layout_cave_pools, nicolae_gozag_cash_rules_everything_around_me,
          minmay_temple_entry_drinking_statues, gammafunk_ghost_cemetery,
          nicolae_half_adder
D:5:      layout_loops_corners, nrook_pool_corridor, uniq_edmund
D:6:      layout_cave_pools
D:7:      layout_loops_ring, enter_bailey_2, kennysheep_small_square
D:8:      layout_basic, kennysheep_doodads
D:9:      layout_basic, mainiacjoe_overflow_small_starburst,
          eino_small_chamber_without_monster
D:10:     layout_rooms, gammafunk_temple_overflow_statue, lair_entry_dummy,
          minmay_microvault
D:11:     layout_irregular_city, ebering_ghost_reflecting_pool, enter_trove_1,
          feat_on_display
D:12:     hangedman_cross_stitches, layout_basic, orc_0_dummy, serial_shops,
          shop, grunt_decor_one_mirror, uniq_snorg, uniq_sonja, uniq_psyche
D:13:     layout_stronghold, hangedman_vaults_entry_quadrant_bands,
          serial_shops, nicolae_shop_statue_plus, uniq_azrael, uniq_urug
D:14:     layout_cave_pools, serial_co_window_serial, co_window_paths_a,
          co_window_paths_a, co_window_paths_b, co_window_paths_a,
          co_window_paths_a, co_window_cross_4, co_window_broadway_b,
          co_window_2corner, co_window_unsneaky_path_a, co_window_4corner_b,
          glass_columns_b, nicolae_ashenzari_skybound, minmay_hidden_floor
D:15:     gammafunk_enter_depths_forms, layout_cave_pools,
          gammafunk_ghost_hydra_chop, uniq_roxanne
Temple:   nicolae_temple_elliptical
Lair:1:   hellmonk_destroyed_diamonds, layout_chaotic_city,
          bh_autumn_forest_stairs, cheibrodos_lair_caveside_slide,
          lemuel_fruit_tree
Lair:2:   layout_long_grid, minmay_snake_entry_guardpost_small, uniq_erica
Lair:3:   layout_regular_city, swamp_mist_pool, serial_bayou_shore_a,
          lemuel_fruit_fields, infiniplex_staircase_pool
Lair:4:   cheibrodos_magma_flow, layout_big_grid, gammafunk_ghost_hive,
          minmay_lair_oklob_items, eino_small_chamber_without_monster,
          pdpol_lair_cavern_descent
Lair:5:   evilmike_catoblepas_cave, layout_long_grid, dpeg_slime_entry_enclosed,
          basic_altar
Orc:1:    nicolae_orc_accident_2, layout_diamond_mine, serial_shops, shop,
          uniq_gastronok, uniq_fannar
Orc:2:    grunt_orc_cross, layout_diamond_mine, nicolae_volcano_entry_lava_flow

Skill      XL: |  1  2  3  4  5  6  7  8  9 10 11 12 13 14 15 16 |
---------------+-------------------------------------------------+-----
Ranged Weapons | 5 6 7 8 9 11 13 14 16 | 16.1
Armour         | 1 3 4 5 10 12 14 | 14.0
Fighting       | 3 4 6 7 8 10 12 13 16 17 | 17.7
Invocations    | 2 4 8 10 | 10.0
Dodging        | 2 3 4 6 7 8 9 |  9.0
Stealth        | |  1.1

Action                     |  1- 3 |  4- 6 |  7- 9 | 10-12 | 13-15 | 16-18 || total
---------------------------+-------+-------+-------+-------+-------+-------++-------
   Fire: Shortbow          |    99 |       |       |       |     5 |     5 ||   109
         Sling             |    32 |    97 |   196 |   495 |  1491 |       ||  2311
         Arbalest          |       |       |       |       |    57 |   457 ||   514
 Invoke: Heroism           |       |       |    12 |    18 |    41 |    10 ||    81
         Finesse           |       |       |       |     1 |     3 |       ||     4
    Use: Scroll            |     8 |     4 |     2 |     3 |    12 |     3 ||    32
         Potion            |     1 |     1 |     3 |     2 |     3 |       ||    10
 Armour: Leather armour    |    47 |       |     2 |       |       |       ||    49
         Ring mail         |       |    19 |    20 |       |       |       ||    39
         Troll leather arm |       |       |       |    69 |    90 |       ||   159
         Quicksilver drago |       |       |       |       |   319 |   162 ||   481
  Dodge: Dodged            |    54 |    27 |    34 |   162 |  1185 |   505 ||  1967

Table legend:
 A = Non-vault XP
 B = Vault XP
 C = Vault XP percentage of total XP
 D = Non-vault monster count
 E = Vault monster count
 F = Vault count percentage of total count
                 A         B        C        D         E       F
            +---------+---------+-------+---------+---------+-------
      Total |  103937 |   47848 |  31.5 |     495 |     135 |  21.4
            +---------+---------+-------+---------+---------+-------
        D:1 |      40 |       0 |   0.0 |      23 |       0 |   0.0
        D:2 |      35 |       0 |   0.0 |      19 |       0 |   0.0
        D:3 |      76 |       0 |   0.0 |      19 |       0 |   0.0
        D:4 |     347 |      65 |  15.8 |      19 |       5 |  20.8
        D:5 |     338 |     166 |  32.9 |      13 |       1 |   7.1
        D:6 |     551 |       0 |   0.0 |      25 |       0 |   0.0
        D:7 |     931 |     226 |  19.5 |      12 |       2 |  14.3
        D:8 |    1211 |       0 |   0.0 |      22 |       0 |   0.0
        D:9 |    1341 |       0 |   0.0 |      16 |       0 |   0.0
       D:10 |    3261 |     344 |   9.5 |      19 |       1 |   5.0
       D:11 |    4103 |       0 |   0.0 |      16 |       0 |   0.0
       D:12 |   12238 |    6028 |  33.0 |      38 |      12 |  24.0
       D:13 |   12692 |    8481 |  40.1 |      31 |      21 |  40.4
       D:14 |    6194 |    1269 |  17.0 |      15 |       3 |  16.7
       D:15 |    8754 |    5677 |  39.3 |      18 |       8 |  30.8
     Lair:1 |    4927 |       0 |   0.0 |      14 |       0 |   0.0
     Lair:2 |    9261 |    1453 |  13.6 |      29 |       5 |  14.7
     Lair:3 |   10041 |     445 |   4.2 |      39 |       1 |   2.5
     Lair:4 |    5537 |    4725 |  46.0 |      18 |      20 |  52.6
     Lair:5 |   19782 |   11507 |  36.8 |      54 |      23 |  29.9
      Orc:1 |    1708 |    2752 |  61.7 |      27 |       7 |  20.6
      Orc:2 |     569 |    4710 |  89.2 |       9 |      26 |  74.3
            +---------+---------+-------+---------+---------+-------
